 Dungeon Crawl Stone Soup version 0.24.0-123-gd5b16e6ec5 (webtiles) character file.

Game seed: 5137497435212093344, levelgen mode: deterministic

1103137 DildoBatman the Petrodigitator (level 27, -21/246 HPs)
             Began as a Formicid Wizard on Jan 5, 2020.
             Was an Initiate of Gozag.
             Demolished by Oxebecha the pandemonium lord (32 damage)
             ... on level 25 of a ziggurat on Jan 7, 2020.
             The game lasted 06:25:16 (59780 turns).

DildoBatman the Petrodigitator (Formicid Wizard)   Turns: 59780, Time: 06:25:16

Health: -21/246    AC: 47    Str: 13    XL:     27
Magic:  29/44      EV: 28    Int: 39    God:    Gozag
Gold:   22083      SH: 31    Dex: 20    Spells: 10/60 levels left

rFire    + + +     SeeInvis +   d - +10 whip of Vengeance {flame, rF+ Dex+8}
rCold    + + +     Gourm    .   T - +8 large shield
rNeg     + + +     Faith    .   o - +4 troll leather armour
rPois    ∞         Spirit   .   (helmet unavailable)
rElec    +         Reflect  .   C - +1 cloak of Starlight {rElec rC+ EV+4 Stlth--}
rCorr    .         Harm     .   J - +2 pair of gloves {Dex+3}
MR       +++..                  m - +2 pair of boots {Stlth+}
Stlth    ++++++....             r - amulet "Ynysit" {*Contam rElec rPois rF++ Regen+}
HPRegen  1.31/turn              i - ring of Symmetry {Wiz -Tele rF+ rC+++ Str-2 Int+5}
MPRegen  0.29/turn              w - ring "Iraf" {AC+3 Int+4}

@: icy armour, lich-form, gold aura, silenced
A: permanent stasis, dig shafts and tunnels, four strong arms, antennae 3,
yellow scales 1, mutation resistance 1, robust 1, shaggy fur 1, strong 1, wild
magic 1
}: 3/15 runes: decaying, abyssal, gossamer
a: Dig, Shaft Self, End Transformation, Renounce Religion


You were on level 25 of a ziggurat.
You worshipped Gozag.
Gozag was extremely pleased with you.
You were not hungry.
You were a lich.
You visited 8 branches of the dungeon, and saw 37 of its levels.
You visited the Abyss 5 times.
You visited 1 bazaar.
You visited 3 ziggurats (completing 2), and saw 79 of their levels.

You collected 54750 gold pieces.
You spent 5392 gold pieces at shops.
You paid 27275 gold pieces to Gozag.

Inventory:

Hand Weapons
 b - the +6 Majin-Bo {vamp, Archmagi MP+6 Int+6}
   (You found it on level 24 of a ziggurat)

   It inflicts no extra harm, but heals its wielder when it wounds a living foe.
   It affects your intelligence (+6).
   It affects your magic capacity (+6).
 d - the +10 whip of Vengeance (weapon) {flame, rF+ Dex+8}
   (You found it on level 12 of a ziggurat)

   It has been specially enchanted to burn those struck by it, causing extra
   injury to most foes and up to half again as much damage against particularly
   susceptible opponents.
   It affects your dexterity (+8).
   It protects you from fire.
 e - the +7 lajatang of Order {silver, rMut}
   (You found it on level 3 of the Elven Halls)

   It protects you from mutation.
Missiles
 f - 122 arrows
 g - 271 silver javelins (quivered)
 h - 12 throwing nets
 l - 980 bolts
 O - 226 sling bullets
Armour
 m - a +2 pair of boots of stealth (worn)
 o - a +4 troll leather armour (worn)
 C - the +1 cloak of Starlight (worn) {rElec rC+ EV+4 Stlth--}
   (You found it on level 15 of a ziggurat)

   It affects your evasion (+4).
   It protects you from cold.
   It insulates you from electricity.
   It makes you much less stealthy.
 J - a +2 pair of gloves of dexterity (worn)
 T - a +8 large shield (worn)
Magical Staves
 a - an uncursed staff of energy
Jewellery
 i - the ring of Symmetry (left hand) {Wiz -Tele rF+ rC+++ Str-2 Int+5}
   (You bought it in a shop on level 1 of the Depths)

   [ring of wizardry]

   It improves your spell success rate.
   It affects your strength (-2).
   It affects your intelligence (+5).
   It protects you from fire.
   It renders you almost immune to cold.
   It prevents most forms of teleportation.
 r - the amulet "Ynysit" (around neck) {*Contam rElec rPois rF++ Regen+}
   (You bought it in a shop on level 1 of the Depths)

   [amulet of regeneration]

   It greatly protects you from fire.
   It insulates you from electricity.
   It protects you from poison.
   It causes magical contamination when unequipped.
   It increases your rate of regeneration.
 w - the ring "Iraf" (right hand) {AC+3 Int+4}
   (You found it on level 16 of a ziggurat)

   [ring of protection]

   It affects your AC (+3).
   It affects your intelligence (+4).
 I - the ring "Qusmiwk" {rC++ AC+3 Int-4 Dex+4}
   (You found it on level 26 of a ziggurat)

   [ring of protection]

   It affects your AC (+3).
   It affects your intelligence (-4).
   It affects your dexterity (+4).
   It greatly protects you from cold.
Wands
 q - a wand of iceblast (42)
 y - a wand of scattershot (16)
 A - a wand of acid (32)
Scrolls
 j - 7 scrolls of holy word
 s - 2 scrolls of summoning
 t - 3 scrolls of magic mapping
 x - 62 scrolls of remove curse
 z - a scroll of identify
 H - 19 scrolls of enchant armour
 N - 41 scrolls of fog
 P - 17 scrolls of amnesia
 V - 9 scrolls of immolation
Potions
 c - 24 potions of mutation
 n - 4 potions of agility
 E - 7 potions of cancellation
 K - 8 potions of ambrosia
 M - 4 potions of brilliance
 R - 22 potions of curing
 X - a potion of resistance
 Y - 6 potions of might
 Z - 2 potions of invisibility
Miscellaneous
 k - a lightning rod (4/4)
 p - a fan of gales
 u - a lamp of fire
 B - 18 boxes of beasts
 G - 14 sacks of spiders
 U - 23 phantom mirrors
Comestibles
 v - 57 rations


   Skills:
 - Level 20.0 Fighting
   Level 12.2 Short Blades
 - Level 13.6 Staves
   Level 12.7 Crossbows
 - Level 20.0 Throwing
 - Level 20.0 Armour
 - Level 15.0 Dodging
 - Level 19.3 Stealth
 - Level 23.0 Shields
 - Level 17.0 Spellcasting
 * Level 24.2 Conjurations
 - Level 12.3 Hexes
 - Level 6.0 Charms
   Level 1.0 Summonings
 - Level 19.0 Necromancy
 - Level 0.8 Translocations
 - Level 19.0 Transmutations
   Level 13.0 Fire Magic
 * Level 26.0 Ice Magic
 O Level 27 Air Magic
 O Level 27 Earth Magic
 - Level 15.0 Evocations


You had 10 spell levels left.
You knew the following spells:

 Your Spells              Type           Power        Failure   Level  Hunger
a - Borgnjor's Vile Clut  Necr/Erth      #########.   1%          5    N/A
b - Shatter               Erth           ########..   1%          9    N/A
c - Tornado               Air            ########..   1%          9    N/A
d - Necromutation         Tmut/Necr      #########.   1%          8    N/A
e - Regeneration          Chrm/Necr      ########..   1%          3    N/A
f - Bolt of Draining      Conj/Necr      #########.   1%          5    N/A
g - Darkness              Hex            ########..   1%          6    N/A
h - Ozocubu's Armour      Chrm/Ice       ########     1%          3    N/A
z - Shroud of Golubria    Chrm/Tloc      ######       1%          2    N/A

Your spell library contained the following spells:

 Spells                   Type           Power        Failure   Level  Hunger
 Animate Skeleton         Necr           N/A          1%          1    N/A
 Apportation              Tloc           ######       1%          1    N/A
 Beastly Appendage        Tmut           ######       1%          1    N/A
 Confusing Touch          Hex            ######       1%          1    N/A
 Corona                   Hex            #######      1%          1    N/A
 Flame Tongue             Conj/Fire      #####        1%          1    N/A
 Freeze                   Ice            ####         1%          1    N/A
 Infusion                 Chrm           ####         1%          1    N/A
 Magic Dart               Conj           ####         1%          1    N/A
 Pain                     Necr           ####         1%          1    N/A
 Sandblast                Erth           ######       1%          1    N/A
 Shock                    Conj/Air       ####         1%          1    N/A
 Sting                    Conj/Pois      ####         1%          1    N/A
 Summon Butterflies       Summ           ######..     1%          1    N/A
 Summon Small Mammal      Summ           ####         1%          1    N/A
 Call Imp                 Summ           ######..     1%          2    N/A
 Corpse Rot               Necr           N/A          1%          2    N/A
 Ensorcelled Hibernation  Hex/Ice        ######       1%          2    N/A
 Passwall                 Tmut/Erth      ########     1%          2    N/A
 Poisonous Vapours        Pois/Air       ######       1%          2    N/A
 Searing Ray              Conj           ######       1%          2    N/A
 Slow                     Hex            ########     1%          2    N/A
 Song of Slaying          Chrm           #######.     1%          2    N/A
 Sticks to Snakes         Tmut           ########     1%          2    N/A
 Sublimation of Blood     Necr           #########.   1%          2    N/A
 Swiftness                Chrm/Air       ########     1%          2    N/A
 Throw Flame              Conj/Fire      ######       1%          2    N/A
 Throw Frost              Conj/Ice       ######       1%          2    N/A
 Call Canine Familiar     Summ           ######..     1%          3    N/A
 Confuse                  Hex            ########     1%          3    N/A
 Conjure Flame            Conj/Fire      ########     1%          3    N/A
 Dazzling Spray           Conj/Hex       ######       1%          3    N/A
 Gell's Gravitas          Tloc           ######....   1%          3    N/A
 Ignite Poison            Fire/Tmut/Pois ########     1%          3    N/A
 Inner Flame              Hex/Fire       ########     1%          3    N/A
 Lesser Beckoning         Tloc           ######....   1%          3    N/A
 Mephitic Cloud           Conj/Pois/Air  ########     1%          3    N/A
 Portal Projectile        Hex/Tloc       ######       1%          3    N/A
 Recall                   Summ/Tloc      N/A          1%          3    N/A
 Spectral Weapon          Hex/Chrm       #######.     1%          3    N/A
 Spider Form              Tmut/Pois      #######...   1%          3    N/A
 Static Discharge         Conj/Air       ########     1%          3    N/A
 Stone Arrow              Conj/Erth      ######       1%          3    N/A
 Summon Guardian Golem    Hex/Summ       #######.     1%          3    N/A
 Teleport Other           Tloc           ######..     1%          3    N/A
 Tukima's Dance           Hex            ########     1%          3    N/A
 Vampiric Draining        Necr           #########.   1%          3    N/A
 Airstrike                Air            ########..   1%          4    N/A
 Animate Dead             Necr           N/A          1%          4    N/A
 Cause Fear               Hex            ########..   1%          4    N/A
 Force Lance              Conj/Tloc      ########     1%          4    N/A
 Fulminant Prism          Conj/Hex       ########..   1%          4    N/A
 Ice Form                 Ice/Tmut       ########     1%          4    N/A
 Iskenderun's Mystic Bla  Conj           ########     1%          4    N/A
 Leda's Liquefaction      Hex/Erth       ########..   1%          4    N/A
 Petrify                  Tmut/Erth      ########     1%          4    N/A
 Sticky Flame             Conj/Fire      ########     1%          4    N/A
 Summon Ice Beast         Ice/Summ       ########     1%          4    N/A
 Summon Lightning Spire   Summ/Air       ########     1%          4    N/A
 Throw Icicle             Conj/Ice       ########     1%          4    N/A
 Agony                    Necr           ########     1%          5    N/A
 Alistair's Intoxication  Tmut/Pois      #######.     1%          5    N/A
 Blade Hands              Tmut           ########..   1%          5    N/A
 Bolt of Magma            Conj/Fire/Erth ########..   1%          5    N/A
 Dispel Undead            Necr           ########     1%          5    N/A
 Excruciating Wounds      Chrm/Necr      ########..   1%          5    N/A
 Fireball                 Conj/Fire      ########..   1%          5    N/A
 Irradiate                Conj/Tmut      ########..   1%          5    N/A
 Iskenderun's Battlesphe  Conj/Chrm      ########     1%          5    N/A
 Lee's Rapid Deconstruct  Erth           ########..   1%          5    N/A
 Lightning Bolt           Conj/Air       ########..   1%          5    N/A
 Metabolic Englaciation   Hex/Ice        ########..   1%          5    N/A
 Silence                  Hex/Air        ########..   1%          5    N/A
 Summon Mana Viper        Hex/Summ       #######.     1%          5    N/A
 Venom Bolt               Conj/Pois      ########..   1%          5    N/A
 Yara's Violent Unravell  Hex/Tmut       ########..   1%          5    N/A
 Bolt of Cold             Conj/Ice       ########..   1%          6    N/A
 Bolt of Fire             Conj/Fire      ########..   1%          6    N/A
 Conjure Ball Lightning   Conj/Air       ########..   1%          6    N/A
 Death Channel            Necr           #########.   1%          6    N/A
 Deflect Missiles         Chrm/Air       ########..   1%          6    N/A
 Freezing Cloud           Conj/Ice/Air   ########..   1%          6    N/A
 Hydra Form               Tmut           ########..   1%          6    N/A
 Invisibility             Hex            ########     1%          6    N/A
 Iron Shot                Conj/Erth      ########..   1%          6    N/A
 Ozocubu's Refrigeration  Ice            ########..   1%          6    N/A
 Poison Arrow             Conj/Pois      ########..   1%          6    N/A
 Simulacrum               Ice/Necr       #########.   1%          6    N/A
 Statue Form              Tmut/Erth      ########.    1%          6    N/A
 Dragon Form              Tmut           ########..   1%          7    N/A
 Orb of Destruction       Conj           ########..   1%          7    N/A
 Borgnjor's Revivificati  Necr           #########.   1%          8    N/A
 Chain Lightning          Conj/Air       ########..   1%          8    N/A
 Infestation              Necr           #########.   1%          8    N/A
 Lehudib's Crystal Spear  Conj/Erth      ########..   1%          8    N/A
 Glaciate                 Conj/Ice       ########..   2%          9    N/A
 Spellforged Servitor     Conj/Summ      ########..   3%          7    N/A
 Passage of Golubria      Tloc           N/A          4%          4    N/A
 Olgreb's Toxic Radiance  Pois           #####...     6%          4    N/A
 Haunt                    Necr/Summ      ########..   9%          7    N/A
 Aura of Abjuration       Summ           ######....   11%         5    N/A
 Summon Demon             Summ           ######....   11%         5    N/A
 Ring of Flames           Chrm/Fire      #######...   11%         7    N/A
 Summon Forest            Summ/Tloc      ######....   12%         5    N/A
 Ignition                 Fire           ########..   17%         8    N/A
 Death's Door             Chrm/Necr      ########..   21%         8    N/A
 Discord                  Hex            ########..   22%         8    N/A
 Fire Storm               Conj/Fire      ########..   26%         9    N/A
 Shadow Creatures         Summ           N/A          45%         6    N/A
 Dispersal                Tloc           ######....   47%         6    N/A
 Summon Hydra             Summ           ######....   93%         7    N/A
 Malign Gateway           Summ/Tloc      ######....   94%         7    N/A
 Disjunction              Tloc           ######....   100%        8    N/A
 Dragon's Call            Summ           ######....   100%        9    N/A
 Blink                    Tloc           Unusable     N/A         2    N/A
 Controlled Blink         Tloc           Unusable     N/A         8    N/A

Dungeon Overview and Level Annotations

Branches:
Dungeon (15/15)            Temple (1/1) D:4            Lair (6/6) D:10
  Swamp (4/4) Lair:4       Spider (4/4) Lair:3        Slime (0/5) Lair:5
    Orc (2/2) D:12            Elf (3/3) Orc:2        Vaults (0/5) D:13
 Depths (2/5) D:15

Altars:
Ashenzari
Cheibriados
Dithmenos
Elyvilon
Fedhas
Gozag
Hepliaklqana
Kikubaaqudgha
Makhleb
Nemelex Xobeh
Okawaru
Qazlal
Ru
Sif Muna
Trog
Uskayaw
Vehumet
Wu Jian
Xom
Yredelemnul
Zin
The Shining One
Beogh
Jiyva

Shops:
D:4 :   Orc:1 }   Orc:2 %(}!%*[   Depths:1 %%=*=[

Portals:
Hell: Depths:1 Depths:2
Pandemonium: Orc:2 Depths:1


Innate Abilities, Weirdness & Mutations

You cannot be hasted, slowed, berserked, paralysed or teleported.
You can dig through walls and to a lower floor.
Your four strong arms can wield two-handed weapons with a shield.
You have a pair of large antennae on your head. (SInv)
You are partially covered in yellow scales. (AC +2)
You are somewhat resistant to further mutation.
You are robust. (+10% HP)
You are covered in fur. (AC +1)
Your muscles are strong. (Str +2)
Your spells are a little harder to cast, but a little more powerful.


Message History

The ice dragon disappears in a puff of smoke!
The Executioner disappears in a puff of smoke!
The Hell Sentinel disappears in a puff of smoke!
The zombie hands constrict Tauzah.
You kill Tauzah!
Your Ice Magic skill increases to level 26!
The zombie hands constrict Tugyfum.
You kill Tugyfum!
The zombie hands constrict Qaeh Lyi.
You kill Qaeh Lyi!
The Executioner disappears in a puff of smoke!
The shadow demon disappears in a puff of smoke!
Your lamp of fire has recharged.
The meliai changes into an orb spider!
The azure jelly changes into a fire giant!
The purple very ugly thing is no longer distracted by gold.
Oxebecha is engulfed in blazing flames.
Oxebecha hits you!!
You die...
Your body crumbles into a pile of gold.

▓... ▓▓(s......
▓▓u$.......
▓▓1§§..(...&
▓▓§u§§.{.....
▓▓1$§&u.&&....
▓▓&§§DD&u{{.{..
▓▓&§2§&§s.&{{...
▓L&§Cu&F($p.....
▓▓&&utpF*.{{p...
▓▓&&s....{{p...
▓▓4$$..*..{t.p
▓▓.$.........
▓▓4.........
▓▓D........
▓▓........ ▓..


You could see Asudos, Beawnec, Casykk, Cogethri, Duest, Fotsosh, Henoj, Kehimpe,
Oxebecha, Paetz, Xuhoefom (invisible), a Killer Klown, an alligator snapping
turtle, a golden dragon, 3 very ugly things, 2 Ice Fiends, a fire giant shaped
shifter, 2 ice dragons, 2 ugly things, an orb spider shaped shifter, a spiny
frog shaped shifter, a tormentor, a blink frog shaped shifter, 2 chaos spawn and
a jumping spider shaped shifter.

Vanquished Creatures
  Mara (Swamp:3)
  17 ancient liches
  8 juggernauts (Zig:23)
  27 greater mummies
  15 shard shrikes
  Bai Suzhen (Depths:1)
  22 Killer Klowns
  A caustic shrike (shapeshifter) (Zig:21)
  15 caustic shrikes
  46 golden dragons
  A golden dragon (shapeshifter) (Zig:25)
  5 profane servitors
  10 pearl dragons (Zig:19)
  13 bone dragons
  Arachne (Spider:4)
  8 Tzitzimimeh
  7 hellephants (Zig:22)
  6 electric golems (Zig:19)
  15 Brimstone Fiends
  15 iron giants
  15 Hell Sentinels
  22 tentacled monstrosities
  13 Ice Fiends
  3 deep elf blademasters
  12 liches
  An eldritch tentacle (Zig:21)
  41 acid blobs
  2 quicksilver dragons (shapeshifter)
  3 quicksilver dragons
  10 deep elf master archers
  20 titans
  19 ancient champions
  2 sphinxes (shapeshifter)
  3 sphinxes
  15 Executioners
  20 tentacled starspawn
  2 shadow dragons (shapeshifter)
  12 storm dragons (Zig:19)
  15 azure jellies
  The ghost of Pocketmage the Covert, an adept GnSu of Hepliaklqana (Swamp:3)
  52 nagarajas
  13 thorn hunters
  18 draconian monks
  5 fire giants
  14 revenants
  3 fire giants (shapeshifter)
  Roxanne (Swamp:1)
  38 pandemonium lords
  2 deep elf sorcerers (Elf:3)
  32 draconian knights
  9 juggernaut zombies
  8 daevas
  11 balrugs
  12 caustic shrike zombies
  22 draconian scorchers
  12 ghost moths
  13 orc warlords
  2 frost giants (shapeshifter)
  12 iron dragons
  9 cacodemons
  8 frost giants
  20 draconian stormcallers
  12 angels
  21 draconian shifters
  12 emperor scorpions
  8 vault wardens
  9 warmongers
  2 ghouls (Zig:21)
  5 deep elf elementalists
  14 curse skulls
  12 blood saints
  28 draconian annihilators
  2 ironheart preservers
  13 very ugly things
  7 ophanim (Zig:19)
  10 corrupters
  4 juggernaut skeletons
  11 apis (Zig:19)
  44 reapers
  14 stone giants
  2 stone giants (shapeshifter)
  A caustic shrike skeleton (Zig:22)
  13 entropy weavers
  18 bennus
  10 deep elf annihilators
  9 black draconians
  29 war gargoyles
  11 green draconians
  7 black suns
  6 vampire knights
  Nessos (D:12)
  14 white draconians
  10 red draconians
  22 dire elephants
  20 yellow draconians
  7 lorocyprocas
  15 spark wasps
  5 deep elf demonologists
  2 dire elephants (shapeshifter) (Zig:8)
  A minotaur (D:11)
  15 purple draconians
  17 blizzard demons
  8 crystal guardians
  8 ettins
  A spark wasp (shapeshifter) (Abyss:5)
  10 deep elf death magi
  10 eidola
  6 death oozes
  5 merfolk impalers (Zig:25)
  17 merfolk javelineers
  Snorg (D:12)
  27 mummy priests
  54 green deaths
  4 quicksilver dragon zombies
  3 fire dragons
  A great orb of eyes (shapeshifter) (Abyss:5)
  A quicksilver dragon skeleton (Zig:24)
  4 vault guards (D:13)
  5 yaktaur captains
  12 ice dragons
  7 hell beasts
  A hydra (shapeshifter) (Zig:22)
  4 deep elf high priests
  A monstrous demonspawn (Zig:13)
  7 great orbs of eyes
  The ghost of mrkaede the Carver, a journeyman DsAK of Lugonu (D:11)
  14 naga warriors
  A juggernaut simulacrum (Zig:27)
  4 ghost crabs
  Harold (D:7)
  87 hydras
  5 rakshasas
  16 anacondas
  12 catoblepae
  21 merfolk aquamancers
  24 shambling mangroves
  Erica (Lair:1)
  3 death knights
  4 centaur warriors
  2 alligator snapping turtles (shapeshifter) (Zig:21)
  2 merfolk avatars (Zig:25)
  7 spriggan air magi (Zig:19)
  4 satyrs
  3 tengu warriors (D:14)
  5 ogre magi
  24 alligators
  18 two-headed ogres
  18 death scarabs
  A satyr (shapeshifter) (Zig:21)
  18 orc high priests
  3 alligator snapping turtles
  3 deep troll earth magi
  2 death yaks (Zig:11)
  12 hell hogs
  21 thrashing horrors
  6 titan zombies
  17 deep elf knights
  8 vampire magi
  34 shock serpents
  3 iron golems
  25 naga sharpshooters
  10 storm dragon zombies
  17 spriggans
  7 spriggan berserkers (Depths:2)
  Nergalle (D:12)
  2 shock serpents (shapeshifter)
  5 soul eaters
  2 sun demons
  2 shadow wraiths
  17 skeletal warriors
  An iron troll (shapeshifter) (Zig:8)
  12 sixfirhies
  17 wretched stars
  5 iron trolls
  6 spatial maelstroms
  4 salamander mystics
  6 titan skeletons
  10 sea snakes
  A sea snake (shapeshifter) (Zig:25)
  2 storm dragon skeletons
  2 torturous demonspawn (Orc:2)
  6 golden dragon zombies
  A spectral emperor scorpion (Spider:4)
  19 flayed ghosts
  A deep troll (shapeshifter) (Zig:18)
  10 hell knights
  9 cherubim
  11 naga ritualists
  9 shadow demons
  7 deep trolls
  46 swamp dragons
  A gelid demonspawn (Orc:2)
  9 spriggan druids
  5 glowing orange brains
  11 unseen horrors
  47 death drakes
  8 obsidian statues
  8 golden dragon skeletons
  3 spectral wolf spiders (Spider:4)
  4 ironbrand convokers
  4 shadow dragon zombies
  A glowing orange brain (shapeshifter) (Zig:21)
  2 infernal demonspawn (Zig:21)
  20 deep elf archers
  4 necromancers
  13 orc knights
  A swamp dragon (shapeshifter) (Zig:8)
  71 deep elf magi
  14 mana vipers
  A wolf spider zombie (Spider:4)
  5 orange crystal statues
  12 iron dragon zombies
  27 harpies (Zig:25)
  8 tengu zombies
  2 mana vipers (shapeshifter)
  Pikel (D:5)
  6 phantasmal warriors
  28 orb spiders
  A lindwurm (Lair:6)
  7 sphinx zombies
  5 sphinx skeletons
  8 cyclopes
  2 frost giant zombies
  A salamander (shapeshifter) (D:15)
  5 shadow dragon skeletons
  23 orc sorcerers
  6 oklob plants
  43 wolf spiders
  5 fauns
  12 manticores
  9 worldbinders
  4 shining eyes
  23 ugly things
  24 moths of wrath
  4 salamanders
  A fire giant zombie (Zig:12)
  An iron dragon skeleton (Zig:20)
  5 merfolk sirens
  64 black mambas
  3 fire giant skeletons
  A guardian serpent (shapeshifter) (Abyss:5)
  16 elephants
  A torpor snail (shapeshifter) (D:15)
  23 guardian serpents
  2 titan simulacra
  27 naga magi
  13 apocalypse crabs
  3 vault sentinels
  13 spriggan zombies
  10 water nymphs
  26 rust devils
  10 eyes of devastation
  8 ice statues
  4 gargoyles (Zig:19)
  27 hellions
  5 orange demons
  42 spiny frogs
  2 storm dragon simulacra
  20 torpor snails
  7 spriggan skeletons
  18 smoke demons
  8 efreet
  A catoblepas zombie (Lair:6)
  8 yaktaurs
  4 spectral redbacks (Spider:4)
  14 komodo dragons
  11 freezing wraiths
  38 tormentors
  4 redback zombies (Spider:4)
  A yaktaur (shapeshifter) (Abyss:5)
  40 demonic crawlers
  2 kobold demonologists (D:14)
  15 rime drakes
  12 hellwings
  28 ice devils
  2 komodo dragons (shapeshifter)
  57 guardian mummies
  A death yak zombie (Lair:6)
  3 hydra zombies
  27 ancient zymes
  A tengu simulacrum (Zig:23)
  4 polar bears
  3 golden dragon simulacra
  2 silent spectres
  2 trolls (shapeshifter)
  6 red devils
  A death yak skeleton (Lair:2)
  23 tyrant leeches
  64 jumping spiders
  A jumping spider (shapeshifter) (D:15)
  60 large abominations
  35 merfolk (Zig:25)
  2 polar bears (shapeshifter)
  A wolf spider simulacrum (D:15)
  6 spectral tarantellas (Spider:4)
  3 tarantella zombies (Spider:4)
  A sphinx simulacrum (Zig:27)
  4 wind drakes
  15 trolls
  68 hornets
  24 blink frogs
  34 raiju
  17 bog bodies
  An iron dragon simulacrum (Zig:12)
  A wind drake (shapeshifter) (Elf:3)
  Prince Ribbit (D:7)
  2 hydra skeletons (Lair:2)
  75 slime creatures
  3 dream sheep
  10 snapping turtles (Zig:25)
  20 hippogriffs
  47 flying skulls
  A fire giant simulacrum (Abyss:2)
  14 air elementals
  A frost giant simulacrum (Zig:10)
  19 water elementals
  12 elf skeletons
  104 redbacks
  2 redbacks (shapeshifter)
  A spriggan (shapeshifter) (Elf:1)
  5 vampires
  9 shadows
  51 tarantellas
  12 ynoxinuls
  Eustachio (D:5)
  37 yaks
  2 black mamba skeletons (Lair:4)
  22 ushabtiu
  5 fire elementals
  A human (shapeshifter) (Elf:2)
  24 wraiths
  21 chaos spawn
  2 wyverns
  7 humans (D:13)
  A steam dragon (shapeshifter) (Zig:25)
  5 basilisks
  31 elf zombies
  A steam dragon (D:13)
  3 golden eyes
  6 hungry ghosts
  A catoblepas simulacrum (Abyss:2)
  17 neqoxecs
  13 wargs
  8 insubstantial wisps
  25 vampire mosquitoes
  A soldier ant (shapeshifter) (Zig:14)
  3 acid dragons
  A naga (shapeshifter) (Zig:25)
  28 nagas
  A human zombie (Zig:13)
  5 spiny frog zombies
  21 swamp worms
  A swamp worm (shapeshifter) (Zig:14)
  31 water moccasins
  3 spiny frog skeletons
  7 porcupines
  A spectral hornet (Spider:4)
  3 floating eyes
  6 hell hounds
  3 floating eyes (shapeshifter)
  4 black bears
  An eye of draining (shapeshifter) (D:15)
  75 orc warriors
  18 eyes of draining
  14 ice beasts
  5 elf simulacra
  19 swamp drakes
  2 phantoms
  4 slaves (D:5)
  9 wolves
  6 necrophages
  3 sky beasts
  A tengu (shapeshifter) (Zig:21)
  2 blink frog zombies (Lair:6)
  A centaur (shapeshifter) (Zig:25)
  43 ogres
  8 centaurs
  A torpor snail zombie (Lair:6)
  23 crocodiles
  A rime drake zombie (Lair:5)
  2 big kobolds (D:14)
  3 komodo dragon zombies
  17 bullfrogs
  3 water moccasin zombies
  13 earth elementals
  A hippogriff skeleton (Lair:2)
  A glowing shapeshifter simulacrum (Zig:23)
  14 killer bees
  4 scorpions
  A yak zombie (Lair:5)
  3 water moccasin skeletons
  A polar bear zombie (Lair:6)
  8 wights
  4 jellies
  4 vampire bats (D:12)
  6 howler monkeys
  3 electric eels
  22 small abominations
  2 wolf zombies (Lair:6)
  7 crimson imps
  7 quasits
  A bullfrog zombie (D:5)
  116 starcursed masses
  2 centaur zombies
  A black bear zombie (Lair:1)
  6 centaur skeletons
  14 hounds
  31 orc priests
  23 orc wizards
  4 porcupine zombies
  4 bullfrog skeletons
  34 iron imps
  4 iguanas
  Ijyb (D:3)
  A hell rat (Zig:22)
  13 worker ants
  2 porcupine skeletons
  4 crocodile zombies
  5 tengu skeletons
  A crocodile skeleton (Lair:2)
  2 hound zombies (D:11)
  111 mummies
  2 worker ant zombies
  A howler monkey skeleton (D:8)
  14 adders
  6 gnolls
  An adder (shapeshifter) (Zig:21)
  6 shadow imps
  5 white imps
  8 ufetubi (D:14)
  3 adder skeletons
  2 adder zombies
  3 worms
  7 leopard geckos
  105 orcs
  6 bats
  4 giant cockroaches
  7 goblins
  8 hobgoblins
  16 jackals
  4 quokkas
  2 ball pythons
  5 frilled lizards
  9 kobolds
  A quokka zombie (D:8)
  6 rats
  A spectral orc (D:7)
  41 briar patches
  A bush (Lair:6)
  6 fungi
  4 lurking horrors
  24 plants
  19 starspawn tentacles
5434 creatures vanquished.

Vanquished Creatures (collateral kills)
  A Killer Klown (Zig:25)
  A draconian scorcher (Zig:25)
  A draconian annihilator (Zig:25)
  2 red draconians (Zig:25)
  A wretched star (Zig:12)
  A killer bee (D:7)
7 creatures vanquished.

Vanquished Creatures (others)
  A pandemonium lord (Zig:25)
  A Brimstone Fiend (Zig:7)
  An Ice Fiend (Zig:21)
  A deep elf blademaster (Zig:18)
  A tentacled starspawn (Abyss:5)
  A storm dragon (Zig:19)
  A nagaraja (Zig:14)
  3 draconian knights
  A blizzard demon (Zig:10)
  2 ice dragons
  A naga warrior (Zig:14)
  A spriggan air mage (Zig:19)
  A vault guard (D:13)
  A centaur warrior (D:15)
  A hydra (Zig:7)
  An alligator (Swamp:3)
  35 dancing weapons
  2 shock serpents
  A shadow wraith (Zig:14)
  A swamp dragon (Zig:17)
  A necromancer (Abyss:2)
  A wizard (D:10)
  A large abomination (Zig:24)
  A demonic crawler (Lair:3)
  A tyrant leech (Swamp:4)
  A ynoxinul (Abyss:2)
  An insubstantial wisp (Zig:17)
  A swamp drake (Swamp:3)
  An ice beast (Zig:10)
  A centaur (D:15)
  3 small abominations
  A gnoll (D:5)
  3 briar patches
  A fire vortex (Zig:21)
  6 fungi
  A lurking horror (Abyss:5)
  6 plants
  36 starspawn tentacles
125 creatures vanquished.

Grand Total: 5566 creatures vanquished

Notes
Turn   | Place    | Note
-------+----------+-------------------------------------------
     0 | D:1      | DildoBatman the Formicid Wizard began the quest for the
                  | Orb.
     0 | D:1      | Reached XP level 1. HP: 13/13 MP: 4/4
    28 | D:1      | Reached skill level 1 in Conjurations
   337 | D:1      | Reached XP level 2. HP: 19/19 MP: 1/6
   918 | D:2      | Reached XP level 3. HP: 15/24 MP: 0/7
   923 | D:2      | Learned a level 3 spell: Conjure Flame
   927 | D:2      | Learned a level 3 spell: Mephitic Cloud
  1084 | D:2      | Found a snail-covered altar of Cheibriados.
  1256 | D:2      | Found a blossoming altar of Fedhas.
  1689 | D:2      | Reached skill level 1 in Shields
  1730 | D:2      | Reached XP level 4. HP: 23/30 MP: 0/8
  2255 | D:3      | Reached XP level 5. HP: 22/35 MP: 3/9
  2770 | D:3      | Noticed Ijyb
  3106 | D:4      | Reached XP level 6. HP: 41/41 MP: 3/10
  3177 | D:4      | Found Gutoajum's Book Boutique.
  3556 | D:4      | Reached skill level 5 in Conjurations
  3676 | D:4      | Found a staircase to the Ecumenical Temple.
  3685 | Temple   | Entered the Ecumenical Temple
  3782 | Temple   | Became a worshipper of Kikubaaqudgha
  4105 | D:3      | Killed Ijyb
  4105 | D:3      | Reached XP level 7. HP: 46/46 MP: 3/11
  4170 | D:5      | Entered Level 5 of the Dungeon
  4223 | D:5      | Found a bloodstained altar of Trog.
  4412 | D:5      | Reached skill level 1 in Fire Magic
  4490 | D:5      | Noticed Eustachio
  4500 | D:5      | Killed Eustachio
  4500 | D:5      | Reached skill level 1 in Air Magic
  4542 | D:5      | Reached XP level 8. HP: 48/52 MP: 3/12
  4573 | D:5      | Noticed Pikel
  4611 | D:5      | Killed Pikel
  4611 | D:5      | Reached * piety under Kikubaaqudgha
  4611 | D:5      | Identified Kikubaaqudgha's Collected Works on Stolen Souls
                  | (Kikubaaqudgha gifted it to you on level 5 of the Dungeon)
  4611 | D:5      | Received a gift from Kikubaaqudgha
  4660 | D:5      | Learned a level 2 spell: Sublimation of Blood
  4664 | D:5      | Learned a level 3 spell: Regeneration
  5291 | D:6      | Reached skill level 5 in Fire Magic
  5380 | D:6      | Reached XP level 9. HP: 48/57 MP: 11/13
  5399 | D:6      | Reached skill level 1 in Charms
  5399 | D:6      | Reached skill level 1 in Necromancy
  6076 | D:7      | Noticed Prince Ribbit
  6084 | D:7      | Killed Prince Ribbit
  6216 | D:7      | Found a basalt altar of Yredelemnul.
  6256 | D:7      | Reached ** piety under Kikubaaqudgha
  6315 | D:7      | Reached skill level 5 in Air Magic
  6521 | D:7      | Noticed Harold
  6539 | D:7      | Killed Harold
  6539 | D:7      | Reached skill level 5 in Charms
  6539 | D:7      | Reached skill level 5 in Necromancy
  6539 | D:7      | Reached XP level 10. HP: 60/63 MP: 5/14
  7201 | D:8      | Found a sparkling altar of Nemelex Xobeh.
  7552 | D:8      | Reached *** piety under Kikubaaqudgha
  7552 | D:8      | Identified Kikubaaqudgha's Disquisition on Evil
                  | (Kikubaaqudgha gifted it to you on level 8 of the Dungeon)
  7552 | D:8      | Received a gift from Kikubaaqudgha
  8067 | D:8      | Found a shimmering blue altar of Sif Muna.
  8067 | D:8      | Found a sacrificial altar of Ru.
  8601 | D:9      | Learned a level 5 spell: Dispel Undead
  8669 | D:9      | Found an iron altar of Okawaru.
  9077 | D:10     | Entered Level 10 of the Dungeon
  9092 | D:10     | Noticed a white ugly thing
  9222 | D:10     | Noticed an unseen horror
  9525 | D:10     | Killed an unseen horror
  9525 | D:10     | Reached skill level 5 in Spellcasting
  9640 | D:10     | Reached XP level 11. HP: 61/68 MP: 16/20
  9653 | D:10     | Learned a level 5 spell: Borgnjor's Vile Clutch
  9705 | D:10     | Reached skill level 1 in Earth Magic
  9747 | D:10     | Noticed an unseen horror
  9892 | D:10     | Reached skill level 5 in Earth Magic
  9975 | D:10     | Killed an unseen horror
  9990 | D:10     | Found a staircase to the Lair.
 10137 | D:10     | Reached **** piety under Kikubaaqudgha
 10312 | D:10     | Found a bloodstained altar of Trog.
 10315 | D:10     | Noticed a wizard
 10320 | D:10     | Killed a wizard
 10393 | D:10     | Killed a white ugly thing
 10522 | D:11     | Got a spiked chain mail
 10533 | D:11     | Identified the +2 chain mail "Duuddoaw" {rElec rC+ rCorr
                  | Dex-5} (You found it on level 11 of the Dungeon)
 10570 | D:11     | Found a runed translucent gate.
 10570 | D:11     | Found a runed translucent gate.
 10570 | D:11     | Found a runed translucent gate.
 10570 | D:11     | Noticed a two-headed ogre
 10571 | D:11     | Noticed a minotaur
 10572 | D:11     | Noticed mrkaede's ghost (journeyman DsAK)
 10578 | D:11     | Noticed a seven-headed hydra
 10899 | D:11     | Noticed a two-headed ogre
 10926 | D:11     | Killed a two-headed ogre
 10959 | D:11     | Noticed a manticore
 10968 | D:11     | Killed a manticore
 11143 | D:11     | Noticed a four-headed hydra
 11196 | D:11     | Killed a four-headed hydra
 11196 | D:11     | Reached skill level 1 in Fighting
 11196 | D:11     | Reached skill level 1 in Armour
 11196 | D:11     | Reached XP level 12. HP: 77/77 MP: 2/21
 11464 | D:11     | Killed a seven-headed hydra
 11583 | D:8      | Reached ***** piety under Kikubaaqudgha
 11692 | D:12     | Noticed Snorg
 11719 | D:12     | Killed Snorg
 11824 | D:12     | Noticed Nergalle
 11826 | D:12     | Noticed a two-headed ogre
 11864 | D:11     | Killed a two-headed ogre
 12275 | D:12     | Killed Nergalle
 12275 | D:12     | Reached skill level 10 in Earth Magic
 12296 | D:12     | Reached skill level 5 in Shields
 12471 | D:12     | Reached skill level 10 in Necromancy
 12540 | D:12     | Noticed Nessos
 12598 | D:12     | Killed Nessos
 12598 | D:12     | Reached XP level 13. HP: 83/90 MP: 2/23
 12857 | D:12     | Found a staircase to the Orcish Mines.
 13065 | D:12     | Gained mutation: Your magical capacity is low. (-10% MP)
                  | [potion of mutation]
 13065 | D:12     | Gained mutation: You expend magic power (3 MP) to
                  | strengthen your wands. [potion of mutation]
 13066 | D:12     | Lost mutation: Your magical capacity is low. (-10% MP)
                  | [potion of mutation]
 13066 | D:12     | Lost mutation: You expend magic power (3 MP) to strengthen
                  | your wands. [potion of mutation]
 13066 | D:12     | Gained mutation: You are somewhat resistant to further
                  | mutation. [potion of mutation]
 13067 | D:12     | Lost mutation: You are somewhat resistant to further
                  | mutation. [potion of mutation]
 13067 | D:12     | Gained mutation: Your system is resistant to poisons.
                  | (rPois) [potion of mutation]
 13067 | D:12     | Gained mutation: Your spells are a little harder to cast,
                  | but a little more powerful. [potion of mutation]
 13067 | D:12     | Gained mutation: You possess an exceptional clarity of
                  | mind. [potion of mutation]
 13067 | D:12     | Gained mutation: Your spells are harder to cast, but more
                  | powerful. [potion of mutation]
 13075 | Orc:1    | Entered Level 1 of the Orcish Mines
 13281 | Orc:2    | Entered Level 2 of the Orcish Mines
 13281 | Orc:2    | Found Beotycve's Antique Armour Shop.
 13323 | Orc:1    | Reached skill level 5 in Fighting
 13323 | Orc:1    | Reached skill level 5 in Armour
 13534 | Orc:1    | Reached skill level 5 in Dodging
 13544 | Orc:1    | Found Viplyuga's Gadget Shoppe.
 13708 | Orc:2    | Reached ****** piety under Kikubaaqudgha
 13742 | Orc:1    | Received a gift from Kikubaaqudgha
 13743 | Orc:1    | Fell from the grace of Kikubaaqudgha
 13985 | Temple   | Became a worshipper of Gozag Ym Sagoz the Greedy
 14156 | Lair:1   | Entered Level 1 of the Lair of Beasts
 14386 | Lair:1   | Noticed Erica
 14399 | Lair:1   | Killed Erica
 14431 | Lair:1   | Found an ancient bone altar of Kikubaaqudgha.
 14495 | Lair:1   | Found a glowing silver altar of Zin.
 15322 | Lair:2   | Noticed a catoblepas
 15350 | Lair:2   | Killed a catoblepas
 15586 | Lair:2   | Noticed a six-headed hydra
 15597 | Lair:2   | Killed a six-headed hydra
 16087 | Lair:3   | Reached XP level 14. HP: 92/100 MP: 21/24
 16505 | Lair:3   | Found a hole to the Spider Nest.
 17441 | Lair:4   | Found a staircase to the Swamp.
 18063 | Lair:5   | Found a runed translucent door.
 18064 | Lair:5   | Found a viscous altar of Jiyva.
 18065 | Lair:5   | Noticed an azure jelly
 18066 | Lair:5   | Found a staircase to the Slime Pits.
 18412 | Lair:6   | Entered Level 6 of the Lair of Beasts
 19351 | Lair:6   | Was forgiven by Kikubaaqudgha
 19927 | Lair:6   | Noticed a dire elephant
 19991 | Lair:6   | Killed a dire elephant
 20010 | Lair:6   | Noticed a dire elephant
 20034 | Lair:6   | Killed a dire elephant
 20034 | Lair:6   | Reached XP level 15. HP: 98/109 MP: 11/28
 20076 | Lair:6   | Found the +3 sling "Punk" {acid, rCorr}
 20107 | Lair:6   | Reached skill level 10 in Spellcasting
 20160 | Lair:6   | Identified Sif Muna's Incunabulum of Dark Rituals and Venom
 20642 | D:11     | Killed mrkaede's ghost
 20814 | Orc:2    | Found Powumuic's General Store.
 21076 | Orc:2    | Found Bezawan's Food Shop.
 21086 | Orc:2    | Found Xiugg's Distillery.
 21120 | Orc:2    | Bought a potion of ambrosia for 112 gold pieces
 21120 | Orc:2    | Bought a potion of mutation for 112 gold pieces
 21120 | Orc:2    | Bought a potion of ambrosia for 112 gold pieces
 21120 | Orc:2    | Bought a potion of magic for 112 gold pieces
 21120 | Orc:2    | Bought a potion of agility for 56 gold pieces
 21260 | Orc:2    | Reached skill level 10 in Shields
 21356 | Orc:2    | Found Hennolou's Gadget Emporium.
 21356 | Orc:2    | Found a one-way gate leading to the halls of Pandemonium.
 21356 | Orc:2    | Found Wunaw's Antique Weapon Shoppe.
 21378 | Orc:2    | Bought a wand of acid (9) for 416 gold pieces
 21436 | Orc:2    | Found Qappablir's Food Shoppe.
 21553 | Orc:2    | Found a staircase to the Elven Halls.
 22043 | D:10     | Learned a level 5 spell: Bolt of Draining
 22247 | D:13     | Found a roughly hewn altar of Beogh.
 22840 | D:13     | Reached XP level 16. HP: 69/116 MP: 23/32
 22880 | D:13     | Found a gate to the Vaults.
 23273 | D:14     | Got a smoking ring mail
 23336 | D:14     | Found a shadowy altar of Dithmenos.
 23888 | D:15     | Entered Level 15 of the Dungeon
 24333 | D:15     | Found a snail-covered altar of Cheibriados.
 24431 | D:15     | Reached skill level 15 in Shields
 24538 | D:15     | Found a staircase to the Depths.
 24757 | D:15     | Identified the cursed +1 ring mail of Okawaru's Reproof
                  | {Dex+3} (You found it on level 14 of the Dungeon)
 25055 | Swamp:1  | Entered Level 1 of the Swamp
 25330 | Swamp:1  | Identified Roxanne's Incunabulum of the Rocks
 25330 | Swamp:1  | Noticed Roxanne
 25339 | Swamp:1  | Killed Roxanne
 25570 | Swamp:1  | Noticed a thorn hunter
 25578 | Swamp:1  | Killed a thorn hunter
 25790 | Swamp:1  | Reached XP level 17. HP: 123/123 MP: 22/33
 25792 | Swamp:1  | Noticed a thorn hunter
 25811 | Swamp:1  | Killed a thorn hunter
 25811 | Swamp:1  | Reached skill level 10 in Fighting
 25811 | Swamp:1  | Reached skill level 10 in Armour
 25929 | Swamp:1  | Learned a level 3 spell: Ozocubu's Armour
 27287 | Swamp:3  | Noticed Pocketmage's ghost (adept GnSu)
 27289 | Swamp:3  | Found the +0 Maxwell's etheric cage {RegenMP+ *Contam rElec
                  | MP+4}
 27312 | Swamp:3  | Noticed Mara
 27332 | Swamp:3  | Found a transporter.
 27335 | Swamp:3  | Found a transporter.
 27451 | Spider:1 | Entered Level 1 of the Spider Nest
 29055 | Spider:2 | Reached XP level 18. HP: 130/130 MP: 11/34
 29293 | Spider:2 | Reached skill level 15 in Earth Magic
 30890 | Spider:4 | Entered Level 4 of the Spider Nest
 30970 | Spider:4 | Learned a level 9 spell: Shatter
 31471 | Spider:4 | Noticed Arachne
 31495 | Spider:4 | Killed Arachne
 32209 | Spider:4 | Reached XP level 19. HP: 133/136 MP: 0/35
 32796 | Spider:4 | Got a gossamer rune of Zot
 33844 | Swamp:3  | Killed Pocketmage's ghost
 33851 | Swamp:3  | Got a smoking steel ring
 33853 | Swamp:3  | Got a coiled jade amulet
 33904 | Swamp:3  | Identified the ring of Zoaw {rElec MP+9 Dex+4} (You found
                  | it on level 3 of the Swamp)
 33906 | Swamp:3  | Identified the amulet of Beta {Reflect rPois Int+2 SH+2}
                  | (You found it on level 3 of the Swamp)
 33934 | Swamp:3  | Killed Mara
 33934 | Swamp:3  | Reached skill level 15 in Necromancy
 34044 | Swamp:4  | Entered Level 4 of the Swamp
 34567 | Swamp:4  | Reached XP level 20. HP: 143/143 MP: 37/37
 34647 | Swamp:4  | Got a bloodstained morningstar
 35025 | Swamp:4  | Got a decaying rune of Zot
 35386 | D:10     | Identified the +5 morningstar of Painful Death {crush,
                  | Int+7} (You found it on level 4 of the Swamp)
 35520 | Elf:1    | Entered Level 1 of the Elven Halls
 35535 | Elf:1    | Gained mutation: You occasionally shout uncontrollably at
                  | your foes. [a neqoxec]
 35537 | Elf:1    | Lost mutation: You possess an exceptional clarity of mind.
                  | [potion of mutation]
 35537 | Elf:1    | Lost mutation: Your spells are harder to cast, but more
                  | powerful. [potion of mutation]
 35537 | Elf:1    | Gained mutation: Your spells are harder to cast, but more
                  | powerful. [potion of mutation]
 35537 | Elf:1    | Gained mutation: You are partially covered in large bone
                  | plates. (SH +4) [potion of mutation]
 35538 | Elf:1    | Lost mutation: Your spells are harder to cast, but more
                  | powerful. [potion of mutation]
 35538 | Elf:1    | Lost mutation: Your system is resistant to poisons. (rPois)
                  | [potion of mutation]
 35538 | Elf:1    | Gained mutation: You have sharp toenails. [potion of
                  | mutation]
 35538 | Elf:1    | Gained mutation: Your flesh is heat resistant. (rF+)
                  | [potion of mutation]
 35538 | Elf:1    | Gained mutation: You are robust. (+10% HP) [potion of
                  | mutation]
 35624 | Elf:1    | Identified the +6 spear of Ossaic {protect, rPois rF+}
 35898 | Elf:1    | Identified Biwnyul's Compendium of Arcane Weapons
 37122 | Elf:2    | Found a huge runed translucent gate.
 37122 | Elf:2    | Found a huge runed translucent gate.
 37122 | Elf:2    | Found a huge runed translucent gate.
 37122 | Elf:2    | Found a huge runed translucent gate.
 37124 | Elf:2    | Found a huge runed translucent gate.
 37612 | Elf:3    | Entered Level 3 of the Elven Halls
 37756 | Elf:3    | Reached XP level 21. HP: 164/164 MP: 39/39
 37788 | Elf:3    | Found a radiant altar of Vehumet.
 37985 | Elf:3    | Reached skill level 15 in Spellcasting
 38371 | Elf:3    | Got a pitted war axe
 38378 | Elf:3    | Identified the +8 war axe of Ikkyhooj {chaos, rN+ Int-5
                  | Dex+4} (You found it on level 3 of the Elven Halls)
 38509 | Elf:3    | Found the +7 lajatang of Order {silver, rMut}
 38529 | Elf:3    | Identified the +2 robe "Cubyce" {-Tele Int-2 SInv Stlth+}
 38568 | Elf:3    | Got a faintly glowing rapier
 38572 | Elf:3    | Got a warped quarterstaff
 38583 | Elf:3    | Identified the Catalogue of Changing
 38693 | Elf:3    | Identified the +9 quarterstaff "Azikhyig" {drain, -Tele
                  | rElec rF+++ rN+} (You found it on level 3 of the Elven
                  | Halls)
 38695 | Elf:3    | Identified the +8 rapier "Kypn" {flame, Int+4 Dex+4} (You
                  | found it on level 3 of the Elven Halls)
 38736 | Elf:3    | Learned a level 8 spell: Necromutation
 39492 | Depths:1 | Entered Level 1 of the Depths
 39492 | Depths:1 | Found a flickering gateway to a bazaar.
 39583 | Depths:1 | Noticed Bai Suzhen
 39597 | Depths:1 | Killed Bai Suzhen
 39600 | Depths:1 | Reached skill level 10 in Dodging
 39707 | Bazaar   | Entered a bazaar
 39707 | Bazaar   | Found Samecky's Gadget Shop.
 39707 | Bazaar   | Found Rum Oczu's Book Boutique.
 39707 | Bazaar   | Found Tes Deb's General Store.
 39707 | Bazaar   | Found Qiorch's Jewellery Boutique.
 39707 | Bazaar   | Found Puci's Distillery.
 39713 | Bazaar   | Bought a scroll of identify for 22 gold pieces
 39721 | Bazaar   | Bought a wand of acid (7) for 308 gold pieces
 39721 | Bazaar   | Bought a wand of acid (9) for 364 gold pieces
 39721 | Bazaar   | Bought a wand of iceblast (7) for 154 gold pieces
 39725 | Bazaar   | Bought a potion of curing for 36 gold pieces
 39725 | Bazaar   | Bought a potion of mutation for 96 gold pieces
 39725 | Bazaar   | Bought a potion of curing for 36 gold pieces
 39725 | Bazaar   | Bought a potion of heal wounds for 60 gold pieces
 39725 | Bazaar   | Bought a potion of curing for 36 gold pieces
 39749 | Depths:1 | Found Hathrac's Food Shoppe.
 39753 | Depths:1 | Found Jaufap's Food Shoppe.
 39970 | Depths:1 | Found a gateway to a ziggurat.
 40253 | Depths:1 | Found a sparkling altar of Nemelex Xobeh.
 40308 | Depths:1 | Found a gateway to Hell.
 40351 | Depths:1 | Bought a pair of embroidered boots for 225 gold pieces
 40351 | Depths:1 | Bought a scroll of fog for 60 gold pieces
 40369 | Depths:1 | Bought the amulet "Ynysit" {*Contam rElec rPois rF++
                  | Regen+} for 1322 gold pieces
 40389 | Depths:1 | Bought the ring of Symmetry {Wiz -Tele rF+ rC+++ Str-2
                  | Int+5} for 1753 gold pieces
 40403 | Zig:1    | Entered Level 1 of a ziggurat
 40407 | Zig:1    | Reached XP level 22. HP: 170/170 MP: 41/41
 40432 | Zig:2    | Entered Level 2 of a ziggurat
 40438 | Zig:2    | Reached skill level 1 in Transmutations
 40465 | Zig:3    | Entered Level 3 of a ziggurat
 40527 | Zig:4    | Entered Level 4 of a ziggurat
 40614 | Zig:5    | Entered Level 5 of a ziggurat
 40632 | Zig:5    | Reached skill level 5 in Transmutations
 40681 | Zig:5    | Got a bloodstained double sword
 40683 | Zig:5    | Identified the +8 double sword "Cimig" {freeze, +Fly rElec
                  | rC++ Dex+3} (You found it on level 5 of a ziggurat)
 40701 | Zig:6    | Entered Level 6 of a ziggurat
 40705 | Zig:6    | Noticed a shard shrike
 40717 | Zig:6    | Killed a shard shrike
 40790 | Zig:7    | Entered Level 7 of a ziggurat
 40848 | Zig:7    | Got a sparkling ivory ring
 40852 | Zig:7    | Got a flickering copper ring
 40887 | Zig:7    | Identified the ring "Fasuumos" {rF++ SInv} (You found it on
                  | level 7 of a ziggurat)
 40889 | Zig:7    | Identified the ring of Boen {Int+2 Stlth+} (You found it on
                  | level 7 of a ziggurat)
 40892 | Zig:8    | Entered Level 8 of a ziggurat
 40943 | Zig:8    | Identified the Compendium of the Traveller and Enchantment
 40962 | Zig:8    | Got a slimy dagger
 40972 | Zig:9    | Entered Level 9 of a ziggurat
 41021 | Zig:9    | Reached skill level 10 in Transmutations
 41053 | Zig:9    | Identified The Intricacies of Rites and Rhymes
 41116 | Zig:9    | Got a warped double sword
 41120 | Zig:9    | Identified the +8 double sword of Giuw {venom, Int+7} (You
                  | found it on level 9 of a ziggurat)
 41128 | Zig:10   | Entered Level 10 of a ziggurat
 41226 | Zig:10   | Identified the Disquisition on Malediction and
                  | Translocation
 41231 | Zig:10   | Identified Zoumoman's Papyrus of Attacks and Execration
 41273 | Zig:11   | Entered Level 11 of a ziggurat
 41365 | Zig:11   | Reached XP level 23. HP: 166/181 MP: 21/42
 41429 | Zig:11   | Identified the Disquisition on Ensnaring Envenoming
 41519 | Zig:11   | Lost mutation: You occasionally shout uncontrollably at
                  | your foes. [potion of mutation]
 41519 | Zig:11   | Lost mutation: You are robust. (+10% HP) [potion of
                  | mutation]
 41519 | Zig:11   | Gained mutation: Your flesh is cold resistant. (rC+)
                  | [potion of mutation]
 41519 | Zig:11   | Gained mutation: Your muscles are strong. (Str +2) [potion
                  | of mutation]
 41527 | Zig:12   | Entered Level 12 of a ziggurat
 41614 | Zig:12   | Cast into level 2 of the Abyss (spatial maelstrom)
 41630 | Abyss:2  | Found a corrupted altar of Lugonu.
 41837 | Abyss:2  | Noticed an ancient lich
 41842 | Abyss:2  | Killed an ancient lich
 41961 | Zig:12   | Escaped the Abyss
 42059 | Zig:12   | Got a faintly glowing brass amulet
 42140 | Zig:12   | Got a faintly glowing whip
 42146 | Zig:12   | Identified the +10 whip of Vengeance {flame, rF+ Dex+8}
                  | (You found it on level 12 of a ziggurat)
 42189 | Zig:12   | Identified the amulet "Jacvoli" {Acrobat MR+ Int-4 Stlth+}
                  | (You found it on level 12 of a ziggurat)
 42206 | Zig:13   | Entered Level 13 of a ziggurat
 42401 | Zig:14   | Entered Level 14 of a ziggurat
 42409 | Zig:14   | Noticed a Killer Klown
 42410 | Zig:14   | Noticed a Killer Klown
 42426 | Zig:14   | Noticed a Killer Klown
 42427 | Zig:14   | Killed a Killer Klown
 42428 | Zig:14   | Noticed a Killer Klown
 42428 | Zig:14   | Noticed Waluont the pandemonium lord
 42433 | Zig:14   | Noticed Ofakav the pandemonium lord
 42434 | Zig:14   | Killed Waluont the pandemonium lord
 42435 | Zig:14   | Noticed Ygamaoco the pandemonium lord
 42442 | Zig:14   | Killed Ofakav the pandemonium lord
 42443 | Zig:14   | Killed a Killer Klown
 42444 | Zig:14   | Killed a Killer Klown
 42445 | Zig:14   | Noticed a Killer Klown
 42449 | Zig:14   | Killed Ygamaoco the pandemonium lord
 42465 | Zig:14   | Killed a Killer Klown
 42465 | Zig:14   | Reached skill level 15 in Transmutations
 42497 | Zig:14   | Killed a Killer Klown
 42497 | Zig:14   | Reached XP level 24. HP: 139/172 MP: 2/42
 42631 | Zig:14   | Identified Lesestress's Almanac of Venomous Stolen Souls
 42633 | Zig:14   | Identified the Disquisition on the Scorching Oath
 42673 | Zig:14   | Got a brightly glowing falchion
 42674 | Zig:14   | Identified the +6 falchion of the Final Chapter {protect,
                  | +Fly} (You found it on level 14 of a ziggurat)
 42694 | Zig:15   | Entered Level 15 of a ziggurat
 43151 | Zig:15   | Identified Kurghiutt's Tome of Attacks
 43153 | Zig:15   | Identified Sif Muna's Tome of Lucky Cold
 43198 | Zig:16   | Entered Level 16 of a ziggurat
 43360 | Zig:16   | Identified the Catalogue of Lightness
 43417 | Zig:17   | Entered Level 17 of a ziggurat
 43577 | Zig:17   | Got a fine amethyst amulet
 43584 | Zig:17   | Identified Sif Muna's Catalogue of Dusty Poisoning
 43614 | Zig:17   | Identified the amulet "Lagarhat" {Acrobat *Corrode rElec
                  | rPois Int+4} (You found it on level 17 of a ziggurat)
 43650 | Zig:18   | Entered Level 18 of a ziggurat
 43702 | Zig:18   | Reached XP level 25. HP: 137/177 MP: 5/42
 43865 | Zig:18   | Got a smoking hunting sling
 43866 | Zig:18   | Identified the +5 hunting sling of Fee Simple {freeze,
                  | -Tele rPois rC+ SInv} (You found it on level 18 of a
                  | ziggurat)
 43890 | Zig:18   | Got a shimmering leather armour
 43901 | Zig:18   | Identified the +1 leather armour of Compassion {Dex+3} (You
                  | found it on level 18 of a ziggurat)
 43920 | Zig:19   | Entered Level 19 of a ziggurat
 44151 | Zig:19   | Found the amulet of the Air {Inacc +Fly rElec EV+5 RMsl}
 44172 | Zig:19   | Got a clouded bronze ring
 44258 | Zig:19   | Got a twisted robe
 44276 | Zig:19   | Identified the +1 robe "Casasmua" {+Inv rPois Int+3} (You
                  | found it on level 19 of a ziggurat)
 44306 | Zig:19   | Identified the ring "Tifeeck" {rN+ EV+2 Slay+5} (You found
                  | it on level 19 of a ziggurat)
 44330 | Zig:20   | Entered Level 20 of a ziggurat
 44357 | Zig:20   | Reached skill level 15 in Armour
 44369 | Zig:20   | Found the +2 robe of Vines {NoPotionHeal Regen+7}
 44385 | Zig:20   | Got a clouded iron amulet
 44560 | Zig:20   | Got an ichor-stained whip
 44562 | Zig:20   | Got a polished hand axe
 44575 | Zig:20   | Identified the +7 whip of the Lurker {drain, Stlth+} (You
                  | found it on level 20 of a ziggurat)
 44577 | Zig:20   | Identified the +7 hand axe of Quantum Leap {chop, Stlth+}
                  | (You found it on level 20 of a ziggurat)
 44583 | Zig:20   | Reached XP level 26. HP: 184/184 MP: 42/42
 44591 | Zig:20   | Identified the amulet of the Kangaroo {Regen+ Dex+3} (You
                  | found it on level 20 of a ziggurat)
 44598 | Zig:21   | Entered Level 21 of a ziggurat
 44612 | Zig:21   | Noticed a Killer Klown
 44613 | Zig:21   | Noticed Taptaox the pandemonium lord
 44624 | Zig:21   | Noticed a Killer Klown
 44627 | Zig:21   | Killed Taptaox the pandemonium lord
 44645 | Zig:21   | Killed a Killer Klown
 44645 | Zig:21   | Reached XP level 27. HP: 92/190 MP: 18/42
 44649 | Zig:21   | Noticed Buwod the pandemonium lord
 44660 | Zig:21   | Killed Buwod the pandemonium lord
 44661 | Zig:21   | Noticed a Killer Klown
 44662 | Zig:21   | Noticed Baewnele the pandemonium lord
 44667 | Zig:21   | Noticed Faol Zorph the pandemonium lord
 44668 | Zig:21   | Noticed Foyph the pandemonium lord
 44671 | Zig:21   | Noticed Byutsipt the pandemonium lord
 44674 | Zig:21   | Killed Baewnele the pandemonium lord
 44681 | Zig:21   | Noticed a Killer Klown
 44682 | Zig:21   | Killed Faol Zorph the pandemonium lord
 44683 | Zig:21   | Killed Byutsipt the pandemonium lord
 44683 | Zig:21   | Noticed Najisyav the pandemonium lord
 44684 | Zig:21   | Killed a Killer Klown
 44696 | Zig:21   | Killed Foyph the pandemonium lord
 44698 | Zig:21   | Killed a Killer Klown
 44698 | Zig:21   | Reached skill level 1 in Throwing
 44698 | Zig:21   | Killed Najisyav the pandemonium lord
 44700 | Zig:21   | Noticed Kitzil the pandemonium lord
 44704 | Zig:21   | Noticed Kosud the pandemonium lord
 44706 | Zig:21   | Killed a Killer Klown
 44710 | Zig:21   | Killed Kitzil the pandemonium lord
 44711 | Zig:21   | Noticed Oczoaxtu the pandemonium lord
 44718 | Zig:21   | Killed Kosud the pandemonium lord
 44719 | Zig:21   | Reached skill level 5 in Throwing
 44746 | Zig:21   | Killed Oczoaxtu the pandemonium lord
 44777 | Zig:21   | Noticed a Killer Klown
 44792 | Zig:21   | Killed a Killer Klown
 44874 | Zig:21   | Identified Reaskanu's Guide on Mutagenic Venom
 44885 | Zig:21   | Identified the Disquisition on the Boosting Traveller
 44949 | Zig:21   | Got an ichor-stained battleaxe
 44953 | Zig:21   | Got an encrusted shortbow
 44957 | Zig:21   | Got an ancient dagger
 44963 | Zig:21   | Got a crystal halberd
 44965 | Zig:21   | Identified the +9 battleaxe "Lifebane" {chop, Int+2} (You
                  | found it on level 21 of a ziggurat)
 44967 | Zig:21   | Identified the +10 shortbow of Yluw {freeze, rC+ Str+4}
                  | (You found it on level 21 of a ziggurat)
 44968 | Zig:21   | Identified the +7 dagger of Ibiosa {pierce, rF+ Int+4} (You
                  | found it on level 21 of a ziggurat)
 44970 | Zig:21   | Identified the +7 halberd "Vevumol" {flame, Int+3} (You
                  | found it on level 21 of a ziggurat)
 44997 | Zig:22   | Entered Level 22 of a ziggurat
 45013 | Zig:22   | Noticed an ancient lich
 45023 | Zig:22   | Killed an ancient lich
 45086 | Zig:22   | Noticed an ancient lich
 45088 | Zig:22   | Noticed an ancient lich
 45094 | Zig:22   | Noticed an ancient lich
 45095 | Zig:22   | Cast into level 5 of the Abyss (an ancient lich)
 45095 | Abyss:5  | Entered Level 5 of the Abyss
 45095 | Abyss:5  | Found a corrupted altar of Lugonu.
 45174 | Abyss:5  | Got an abyssal rune of Zot
 45242 | Zig:22   | Escaped the Abyss
 45247 | Zig:22   | Killed an ancient lich
 45247 | Zig:22   | Killed an ancient lich
 45247 | Zig:22   | Killed an ancient lich
 45257 | Zig:22   | Noticed an ancient lich
 45260 | Zig:22   | Noticed an ancient lich
 45267 | Zig:22   | Noticed an ancient lich
 45267 | Zig:22   | Noticed an ancient lich
 45271 | Zig:22   | Reached skill level 10 in Throwing
 45272 | Zig:22   | Killed an ancient lich
 45282 | Zig:22   | Killed an ancient lich
 45283 | Zig:22   | Killed an ancient lich
 45283 | Zig:22   | Killed an ancient lich
 45369 | Zig:22   | Noticed an ancient lich
 45410 | Zig:22   | Killed an ancient lich
 45493 | Zig:22   | Got a brightly glowing crystal amulet
 45513 | Zig:22   | Identified Sif Muna's Guide on the Assistive Oath
 45536 | Zig:22   | Got an encrusted battleaxe
 45539 | Zig:22   | Got a pitted rapier
 45548 | Zig:22   | Identified the +4 battleaxe "Ecveh" {freeze, +Inv rN+
                  | Dex-5} (You found it on level 22 of a ziggurat)
 45550 | Zig:22   | Identified the +5 rapier "Iseimer" {pierce, rPois rF+
                  | Int+2} (You found it on level 22 of a ziggurat)
 45556 | Zig:22   | Identified the amulet "Qoinke" {rF+ rC+ Regen+} (You found
                  | it on level 22 of a ziggurat)
 45576 | Zig:22   | Learned a level 9 spell: Tornado
 45579 | Zig:22   | Learned a level 2 spell: Shroud of Golubria
 45582 | Zig:23   | Entered Level 23 of a ziggurat
 45597 | Zig:23   | Noticed a juggernaut
 45599 | Zig:23   | Noticed a juggernaut
 45619 | Zig:23   | Killed a juggernaut
 45627 | Zig:23   | Killed a juggernaut
 45635 | Zig:23   | Noticed a juggernaut
 45636 | Zig:23   | Noticed a juggernaut
 45645 | Zig:23   | Killed a juggernaut
 45654 | Zig:23   | Noticed a juggernaut
 45655 | Zig:23   | Noticed a juggernaut
 45667 | Zig:23   | Killed a juggernaut
 45667 | Zig:23   | Killed a juggernaut
 45668 | Zig:23   | Killed a juggernaut
 45688 | Zig:23   | Noticed a juggernaut
 45702 | Zig:23   | Killed a juggernaut
 45702 | Zig:23   | Reached skill level 27 in Earth Magic
 45702 | Zig:23   | Noticed a juggernaut
 45762 | Zig:23   | Found the +3 warlock's mirror {reflect}
 45779 | Zig:23   | Killed a juggernaut
 45951 | Zig:23   | Identified the Disquisition on Lethal Clay
 45953 | Zig:23   | Identified Optoh's Incunabulum of Gliding Enhancements
 45993 | Zig:24   | Entered Level 24 of a ziggurat
 46012 | Zig:24   | Reached skill level 1 in Evocations
 46026 | Zig:24   | Reached skill level 5 in Evocations
 46026 | Zig:24   | Cast into level 3 of the Abyss (spatial maelstrom)
 46241 | Zig:24   | Escaped the Abyss
 46288 | Zig:24   | Cast into level 2 of the Abyss (spatial maelstrom)
 46478 | Abyss:2  | Reached skill level 10 in Evocations
 46684 | Zig:24   | Escaped the Abyss
 46707 | Zig:24   | Reached skill level 1 in Ice Magic
 47142 | Zig:24   | Found the +10 morningstar "Eos" {elec, Halo rElec}
 47147 | Zig:24   | Identified the Incunabulum of Conjuration
 47199 | Zig:24   | Got a heavily runed brass ring
 47210 | Zig:24   | Identified the ring of Wewoaps {MP+9 Dex+4} (You found it
                  | on level 24 of a ziggurat)
 47247 | Zig:25   | Entered Level 25 of a ziggurat
 47271 | Zig:25   | Reached skill level 1 in Crossbows
 47284 | Zig:25   | Reached skill level 5 in Crossbows
 47350 | Zig:25   | Reached skill level 10 in Crossbows
 47607 | Zig:25   | Reached skill level 5 in Ice Magic
 47664 | Zig:25   | Got a clouded golden amulet
 47689 | Zig:25   | Identified the Reference Book on the Rocks and Companions
 47692 | Zig:25   | Got a bound golden ring
 47706 | Zig:25   | Identified the amulet "Fudaph" {Regen+ Str+4} (You found it
                  | on level 25 of a ziggurat)
 47708 | Zig:25   | Identified the ring of Echypliki {rElec rPois rF+ rN+
                  | Dex+2} (You found it on level 25 of a ziggurat)
 47726 | Zig:26   | Entered Level 26 of a ziggurat
 48070 | Zig:26   | Got a serpentine amber ring
 48077 | Zig:26   | Got a crude copper ring
 48088 | Zig:26   | Identified the Guide on the Frostbite
 48096 | Zig:26   | Got a slimy broad axe
 48100 | Zig:26   | Identified the +7 broad axe "Siloob" {elec, rElec rC+++
                  | Dex-2 SInv} (You found it on level 26 of a ziggurat)
 48103 | Zig:26   | Reached skill level 5 in Stealth
 48107 | Zig:26   | Identified the ring "Seuc" {Fire Str+3} (You found it on
                  | level 26 of a ziggurat)
 48109 | Zig:26   | Identified the ring "Qusmiwk" {rC++ AC+3 Int-4 Dex+4} (You
                  | found it on level 26 of a ziggurat)
 48132 | Zig:27   | Entered Level 27 of a ziggurat
 48146 | Zig:27   | Noticed a shard shrike
 48156 | Zig:27   | Noticed a shard shrike
 48170 | Zig:27   | Killed a shard shrike
 48177 | Zig:27   | Killed a shard shrike
 48183 | Zig:27   | Noticed a shard shrike
 48192 | Zig:27   | Killed a shard shrike
 48211 | Zig:27   | Noticed a shard shrike
 48212 | Zig:27   | Reached skill level 15 in Evocations
 48227 | Zig:27   | Killed a shard shrike
 48231 | Zig:27   | Reached skill level 10 in Stealth
 48264 | Zig:27   | Noticed a shard shrike
 48265 | Zig:27   | Noticed a shard shrike
 48277 | Zig:27   | Noticed a shard shrike
 48280 | Zig:27   | Killed a shard shrike
 48281 | Zig:27   | Killed a shard shrike
 48286 | Zig:27   | Noticed a shard shrike
 48291 | Zig:27   | Killed a shard shrike
 48294 | Zig:27   | Noticed a shard shrike
 48297 | Zig:27   | Killed a shard shrike
 48309 | Zig:27   | Noticed a shard shrike
 48313 | Zig:27   | Killed a shard shrike
 48323 | Zig:27   | Killed a shard shrike
 48342 | Zig:27   | Noticed a shard shrike
 48353 | Zig:27   | Killed a shard shrike
 48355 | Zig:27   | Noticed a shard shrike
 48365 | Zig:27   | Killed a shard shrike
 48509 | Zig:27   | Identified the Collected Works on the Unstable Blaze
 48515 | Zig:27   | Identified the Guide on Congealing Black Magic
 48542 | Zig:27   | Got a shimmering arbalest
 48545 | Zig:27   | Got a shimmering war axe
 48550 | Zig:27   | Got a fine falchion
 48571 | Zig:27   | Identified the +6 arbalest of Saseet {penet, rPois Int+5}
                  | (You found it on level 27 of a ziggurat)
 48572 | Zig:27   | Identified the cursed +3 falchion "Ifuts" {freeze, *Contam
                  | Int+2 Dex+2} (You found it on level 27 of a ziggurat)
 48576 | Zig:27   | Identified the cursed +1 war axe "Toyjok" {freeze, Int+6}
                  | (You found it on level 27 of a ziggurat)
 48603 | Depths:1 | You fall into a shaft and drop 1 floor!
 48628 | Depths:2 | Reached skill level 10 in Air Magic
 48743 | Depths:2 | Found the +8 Wrath of Trog {antimagic, *Rage}
 48799 | Depths:1 | Lost mutation: Your flesh is cold resistant. (rC+) [potion
                  | of mutation]
 48799 | Depths:1 | Lost mutation: You have sharp toenails. [potion of
                  | mutation]
 48799 | Depths:1 | Lost mutation: Your muscles are strong. (Str +2) [potion of
                  | mutation]
 48799 | Depths:1 | Gained mutation: Scrolls take you a little longer to read.
                  | [potion of mutation]
 48799 | Depths:1 | Gained mutation: You are robust. (+10% HP) [potion of
                  | mutation]
 48800 | Depths:1 | Lost mutation: You are robust. (+10% HP) [potion of
                  | mutation]
 48800 | Depths:1 | Lost mutation: Your spells are a little harder to cast, but
                  | a little more powerful. [potion of mutation]
 48800 | Depths:1 | Gained mutation: You are partially covered in slimy green
                  | scales. (AC +2) [potion of mutation]
 48800 | Depths:1 | Gained mutation: Your body sometimes deteriorates upon
                  | taking damage. [potion of mutation]
 48800 | Depths:1 | Gained mutation: You have sharp fingernails. [potion of
                  | mutation]
 48801 | Depths:1 | Lost mutation: Your body sometimes deteriorates upon taking
                  | damage. [potion of mutation]
 48801 | Depths:1 | Gained mutation: You are clumsy. (Dex -2) [potion of
                  | mutation]
 48801 | Depths:1 | Gained mutation: Your body sometimes deteriorates upon
                  | taking damage. [potion of mutation]
 48801 | Depths:1 | Gained mutation: Your mind is acute. (Int +2) [potion of
                  | mutation]
 48802 | Depths:1 | Lost mutation: Your mind is acute. (Int +2) [potion of
                  | mutation]
 48802 | Depths:1 | Lost mutation: Scrolls take you a little longer to read.
                  | [potion of mutation]
 48802 | Depths:1 | Lost mutation: You are clumsy. (Dex -2) [potion of
                  | mutation]
 48802 | Depths:1 | Lost mutation: You are partially covered in slimy green
                  | scales. (AC +2) [potion of mutation]
 48802 | Depths:1 | Lost mutation: Your body sometimes deteriorates upon taking
                  | damage. [potion of mutation]
 48802 | Depths:1 | Gained mutation: Your body sometimes deteriorates upon
                  | taking damage. [potion of mutation]
 48802 | Depths:1 | Gained mutation: You are mostly covered in large bone
                  | plates. (SH +6) [potion of mutation]
 48803 | Depths:1 | Lost mutation: Your flesh is heat resistant. (rF+) [potion
                  | of mutation]
 48803 | Depths:1 | Lost mutation: You are mostly covered in large bone plates.
                  | (SH +6) [potion of mutation]
 48803 | Depths:1 | Lost mutation: Your body sometimes deteriorates upon taking
                  | damage. [potion of mutation]
 48803 | Depths:1 | Gained mutation: You are resistant to hostile enchantments.
                  | (MR+) [potion of mutation]
 48804 | Depths:1 | Lost mutation: You are resistant to hostile enchantments.
                  | (MR+) [potion of mutation]
 48804 | Depths:1 | Lost mutation: You are partially covered in large bone
                  | plates. (SH +4) [potion of mutation]
 48804 | Depths:1 | Lost mutation: You have sharp fingernails. [potion of
                  | mutation]
 48804 | Depths:1 | Gained mutation: You have a somewhat thin skeletal
                  | structure. (Dex +2, Stealth) [potion of mutation]
 48804 | Depths:1 | Gained mutation: You are partially covered in slimy green
                  | scales. (AC +2) [potion of mutation]
 48804 | Depths:1 | Gained mutation: You expend magic power (3 MP) to
                  | strengthen your wands. [potion of mutation]
 48819 | Zig:1    | Entered Level 1 of a ziggurat
 48856 | Zig:2    | Entered Level 2 of a ziggurat
 48901 | Zig:3    | Entered Level 3 of a ziggurat
 48981 | Zig:4    | Entered Level 4 of a ziggurat
 49023 | Zig:4    | Got a bloodstained scimitar
 49027 | Zig:4    | Identified the +8 scimitar of Eternal Vigilance {slice,
                  | rPois rF+++ rC- Str-2} (You found it on level 4 of a
                  | ziggurat)
 49038 | Zig:5    | Entered Level 5 of a ziggurat
 49074 | Zig:5    | Got a heavily runed jade ring
 49091 | Zig:5    | Got a polished hand crossbow
 49093 | Zig:5    | Got a pitted rapier
 49095 | Zig:5    | Identified the +10 hand crossbow of Eternal Harmony {flame,
                  | *Drain rPois rF+ rC+++} (You found it on level 5 of a
                  | ziggurat)
 49097 | Zig:5    | Identified the +6 rapier "Vaik" {venom, rC+ rN++ Dex-4}
                  | (You found it on level 5 of a ziggurat)
 49136 | Zig:6    | Entered Level 6 of a ziggurat
 49142 | Zig:6    | Found the +6 lightning scales {run, rElec}
 49182 | Zig:6    | Got an encrusted battleaxe
 49184 | Zig:6    | Identified the +3 battleaxe of Meiv {elec, Dex+7 SInv
                  | Stlth-} (You found it on level 6 of a ziggurat)
 49232 | Zig:7    | Entered Level 7 of a ziggurat
 49239 | Zig:7    | Noticed Mitikk the pandemonium lord
 49240 | Zig:7    | Identified 2 scrolls of acquirement
 49247 | Zig:7    | Killed Mitikk the pandemonium lord
 49312 | Zig:7    | Got a pair of ancient gloves
 49323 | Zig:7    | Identified the -1 pair of gloves of Pragmatism {rC- Regen+
                  | Dex+4} (You acquired it on level 7 of a ziggurat)
 49336 | Zig:7    | Got an amber-studded plate armour
 49340 | Zig:7    | Identified the ring of Temptation {rPois MR+} (You found it
                  | on level 5 of a ziggurat)
 49357 | Zig:8    | Entered Level 8 of a ziggurat
 49369 | Zig:8    | Found the +10 Black Knight's horse barding {ponderous,
                  | rPois rN+}
 49370 | Zig:8    | Found the +4 skin of Zhor {Hibernate rC+++ SInv}
 49410 | Zig:8    | Got a slimy jade ring
 49433 | Zig:8    | Got an ichor-stained glaive
 49436 | Zig:8    | Got a crystal dagger
 49442 | Zig:8    | Identified the +10 glaive of Temperance {flame, Int+4} (You
                  | found it on level 8 of a ziggurat)
 49443 | Zig:8    | Identified the +8 dagger of Gaupukk {protect, +Inv rF+
                  | Int-4} (You found it on level 8 of a ziggurat)
 49470 | Zig:9    | Entered Level 9 of a ziggurat
 49537 | Zig:9    | Got a coiled pewter ring
 49575 | Zig:10   | Entered Level 10 of a ziggurat
 49593 | Zig:10   | Reached skill level 15 in Air Magic
 49688 | Zig:11   | Entered Level 11 of a ziggurat
 49804 | Zig:11   | Got a steaming scimitar
 49808 | Zig:11   | Identified the +3 scimitar "Wiarreiff" {flame, *Corrode
                  | rElec Str+2} (You found it on level 11 of a ziggurat)
 49811 | Zig:11   | Identified the ring of Tyus Teme {rC+ rN++ Str+3 SInv} (You
                  | found it on level 8 of a ziggurat)
 49814 | Zig:11   | Identified the ring "Egoli" {*Tele MP+9 Dex+3} (You found
                  | it on level 9 of a ziggurat)
 49828 | Zig:12   | Entered Level 12 of a ziggurat
 49843 | Zig:12   | Found the +2 hat of the Bear Spirit {Spirit, +Rage rN+
                  | MR++}
 49899 | Zig:12   | Identified the Tome of Enchanting Flight
 49948 | Zig:12   | Got a smoking short sword
 49955 | Zig:12   | Got a crude short sword
 49959 | Zig:12   | Identified the +5 short sword of Resourcefulness {drain,
                  | rElec rC+ Dex+7} (You found it on level 12 of a ziggurat)
 49961 | Zig:12   | Identified the cursed +0 short sword "Soapt" {drain, rN+++
                  | Str-2 Dex+4 Stlth-} (You found it on level 12 of a
                  | ziggurat)
 49983 | Zig:13   | Entered Level 13 of a ziggurat
 49995 | Zig:13   | Noticed a greater mummy
 49996 | Zig:13   | Noticed a greater mummy
 49996 | Zig:13   | Noticed a greater mummy
 49999 | Zig:13   | Found the +0 staff of Battle
 50001 | Zig:13   | Killed a greater mummy
 50002 | Zig:13   | Killed a greater mummy
 50002 | Zig:13   | Killed a greater mummy
 50068 | Zig:13   | Identified Sicez's Disquisition on Conjuration and Ignition
 50133 | Zig:13   | Got a dazzling great sword
 50137 | Zig:13   | Got an iridescent rapier
 50140 | Zig:13   | Identified the +5 rapier of Upheaval {pierce, rC+ Int+4
                  | Stlth+} (You found it on level 13 of a ziggurat)
 50142 | Zig:13   | Identified the cursed +1 great sword "Giantslayer" {pain,
                  | *Corrode MR+ Str+4 Dex+2} (You found it on level 13 of a
                  | ziggurat)
 50163 | Zig:14   | Entered Level 14 of a ziggurat
 50177 | Zig:14   | Noticed an ancient lich
 50178 | Zig:14   | Noticed an ancient lich
 50179 | Zig:14   | Found the +5 scythe "Finisher" {speed, eviscerate}
 50187 | Zig:14   | Noticed an ancient lich
 50188 | Zig:14   | Killed an ancient lich
 50188 | Zig:14   | Killed an ancient lich
 50201 | Zig:14   | Killed an ancient lich
 50272 | Zig:14   | Identified the Volume of Warped Cold
 50280 | Zig:14   | Got a heavily runed graven amulet
 50305 | Zig:14   | Identified the amulet of Doors {Faith rElec rPois Str+2
                  | Stlth+} (You found it on level 14 of a ziggurat)
 50325 | Zig:14   | Got a pair of pitted gloves
 50339 | Zig:14   | Identified the -4 pair of gloves of Limitation {rPois Str+2
                  | Int+2} (You found it on level 14 of a ziggurat)
 50362 | Zig:15   | Entered Level 15 of a ziggurat
 50383 | Zig:15   | Noticed a shard shrike
 50385 | Zig:15   | Noticed a shard shrike
 50398 | Zig:15   | Killed a shard shrike
 50406 | Zig:15   | Killed a shard shrike
 50428 | Zig:15   | Found the +1 cloak of Starlight {rElec rC+ EV+4 Stlth--}
 50548 | Zig:15   | Got a steaming great sword
 50551 | Zig:15   | Got a twisted giant spiked club
 50556 | Zig:15   | Got a brightly glowing plate armour
 50562 | Zig:15   | Identified the +6 great sword of the Realm of Zot {protect,
                  | *Noise rN++ MR- SInv} (You found it on level 15 of a
                  | ziggurat)
 50564 | Zig:15   | Lost mutation: You expend magic power (3 MP) to strengthen
                  | your wands. [potion of mutation]
 50564 | Zig:15   | Lost mutation: You have a somewhat thin skeletal structure.
                  | (Dex +2, Stealth) [potion of mutation]
 50564 | Zig:15   | Lost mutation: You are partially covered in slimy green
                  | scales. (AC +2) [potion of mutation]
 50564 | Zig:15   | Gained mutation: Your magical capacity is low. (-10% MP)
                  | [potion of mutation]
 50564 | Zig:15   | Gained mutation: You evolve. [potion of mutation]
 50566 | Zig:15   | Lost mutation: You evolve. [potion of mutation]
 50566 | Zig:15   | Lost mutation: Your magical capacity is low. (-10% MP)
                  | [potion of mutation]
 50566 | Zig:15   | Gained mutation: You are somewhat resistant to further
                  | mutation. [potion of mutation]
 50567 | Zig:15   | Lost mutation: You are somewhat resistant to further
                  | mutation. [potion of mutation]
 50567 | Zig:15   | Gained mutation: You are frail. (-10% HP) [potion of
                  | mutation]
 50567 | Zig:15   | Gained mutation: Your flesh is heat resistant. (rF+)
                  | [potion of mutation]
 50567 | Zig:15   | Gained mutation: Your spells are a little harder to cast,
                  | but a little more powerful. [potion of mutation]
 50567 | Zig:15   | Gained mutation: You possess an exceptional clarity of
                  | mind. [potion of mutation]
 50568 | Zig:15   | Lost mutation: You are frail. (-10% HP) [potion of
                  | mutation]
 50568 | Zig:15   | Lost mutation: Your spells are a little harder to cast, but
                  | a little more powerful. [potion of mutation]
 50568 | Zig:15   | Lost mutation: You possess an exceptional clarity of mind.
                  | [potion of mutation]
 50568 | Zig:15   | Gained mutation: Your spells are a little harder to cast,
                  | but a little more powerful. [potion of mutation]
 50568 | Zig:15   | Gained mutation: You are partially covered in yellow
                  | scales. (AC +2) [potion of mutation]
 50568 | Zig:15   | Gained mutation: You have sharp toenails. [potion of
                  | mutation]
 50589 | Zig:16   | Entered Level 16 of a ziggurat
 50745 | Zig:16   | Identified the Disquisition on Supportive Flames
 50747 | Zig:16   | Identified the Collected Works on Venom and Translocation
 50756 | Zig:16   | Got a steaming bronze ring
 50759 | Zig:16   | Identified the Handbook of Companions and Displacement
 50766 | Zig:16   | Got a coiled turquoise ring
 50767 | Zig:16   | Identified the ring "Sewkoki" {Fire Int+5 Stlth-} (You
                  | found it on level 16 of a ziggurat)
 50772 | Zig:16   | Identified the ring of the Devil's Team {rElec rPois Str+3
                  | Dex-3 Stlth+} (You found it on level 16 of a ziggurat)
 50778 | Zig:16   | Got a smoking bronze ring
 50791 | Zig:16   | Identified the cursed ring of Brilliance {Str+2 Slay-2}
                  | (You found it on level 16 of a ziggurat)
 50817 | Zig:17   | Entered Level 17 of a ziggurat
 51040 | Zig:17   | Got a smoking tin ring
 51042 | Zig:17   | Got a pitted diamond amulet
 51070 | Zig:17   | Identified the ring of the Enemy {*Contam MR+++ Int+5 Dex-5
                  | SInv} (You found it on level 17 of a ziggurat)
 51108 | Zig:17   | Identified the amulet "Hedomev" {RegenMP +Inv rF+} (You
                  | found it on level 17 of a ziggurat)
 51355 | Zig:18   | Entered Level 18 of a ziggurat
 51425 | Zig:18   | Found the ring of the Octopus King
 51498 | Zig:18   | Identified the Tome of Flamy Poisoning
 51524 | Zig:18   | Got a ring of the Octopus King
 51595 | Zig:18   | Got a smoking long sword
 51600 | Zig:18   | Got a bloodstained shortbow
 51601 | Zig:18   | Identified the +8 long sword of Gozag's Fury {slice, MR+
                  | Str+2} (You found it on level 18 of a ziggurat)
 51603 | Zig:18   | Identified the +8 shortbow of Gallantry {freeze, +Inv rC+}
                  | (You found it on level 18 of a ziggurat)
 51623 | Zig:19   | Entered Level 19 of a ziggurat
 51838 | Zig:19   | Found the +4 moon troll leather armour {Spirit, Regen++
                  | MP+5}
 51844 | Zig:19   | Got a bound copper amulet
 51887 | Zig:19   | Got a bloodstained mace
 51891 | Zig:19   | Got a faintly glowing flail
 51896 | Zig:19   | Got a twisted mace
 51899 | Zig:19   | Identified the +10 mace of Viakk {speed, Str-4 Int+3 Dex+3}
                  | (You found it on level 19 of a ziggurat)
 51901 | Zig:19   | Identified the +3 mace "Brush" {elec, +Blink Int+7 Dex+4}
                  | (You found it on level 19 of a ziggurat)
 51903 | Zig:19   | Identified the +4 flail "Noufroliy" {crush, rC+++ Str-3
                  | Int+7} (You found it on level 19 of a ziggurat)
 51906 | Zig:19   | Identified a ring of the Octopus King {rF+ AC+1 EV+1 Str+1
                  | Int+1 Dex+1} (You found it on level 18 of a ziggurat)
 51923 | Zig:20   | Entered Level 20 of a ziggurat
 51979 | Zig:20   | Noticed Padd the pandemonium lord
 52008 | Zig:20   | Killed Padd the pandemonium lord
 52144 | Zig:20   | Got a heavily runed bone ring
 52145 | Zig:20   | Identified the Catalogue of Bewitching Flames
 52159 | Zig:20   | Got a wavering lapis lazuli ring
 52223 | Zig:21   | Entered Level 21 of a ziggurat
 52256 | Zig:21   | Noticed Ceaxtu Kuwn the pandemonium lord
 52281 | Zig:21   | Killed Ceaxtu Kuwn the pandemonium lord
 52448 | Zig:21   | Got a faintly glowing steel ring
 52476 | Zig:21   | Identified the Incunabulum of Beguiling
 52493 | Zig:21   | Identified the ring "Dudeung" {rC+ Int+4} (You found it on
                  | level 20 of a ziggurat)
 52496 | Zig:21   | Identified the ring "Damak" {rElec MR+ Int+4 Stlth+} (You
                  | found it on level 21 of a ziggurat)
 52499 | Zig:21   | Identified the ring of Qiaqaoj {*Contam rPois rCorr Int+2
                  | Slay+5} (You found it on level 20 of a ziggurat)
 52595 | Zig:22   | Entered Level 22 of a ziggurat
 52637 | Zig:22   | Reached skill level 10 in Conjurations
 52843 | Zig:23   | Entered Level 23 of a ziggurat
 53240 | Zig:23   | Got a translucent pewter ring
 53241 | Zig:23   | Identified Deleh's Volume of Lethal Enchantment
 53261 | Zig:23   | Got an ancient cloak
 53276 | Zig:23   | Identified the +2 cloak "Luorr" {+Fly} (You found it on
                  | level 23 of a ziggurat)
 53288 | Zig:23   | Identified the ring "Suefraiss" {rC- MP+9 Int+3 Dex+3
                  | Slay+5} (You found it on level 23 of a ziggurat)
 53300 | Zig:24   | Entered Level 24 of a ziggurat
 53366 | Zig:24   | Reached skill level 27 in Air Magic
 53506 | Zig:24   | Identified the Collected Works on Floating Cold
 53509 | Zig:24   | Got a brightly glowing bone ring
 53513 | Zig:24   | Identified the Papyrus of Envenoming and Dislocation
 53550 | Zig:24   | Identified the Guide on Poison
 53628 | Zig:24   | Lost mutation: You have sharp toenails. [potion of
                  | mutation]
 53628 | Zig:24   | Lost mutation: Your flesh is heat resistant. (rF+) [potion
                  | of mutation]
 53628 | Zig:24   | Gained mutation: You are robust. (+10% HP) [potion of
                  | mutation]
 53628 | Zig:24   | Gained mutation: Your muscles are strong. (Str +2) [potion
                  | of mutation]
 53628 | Zig:24   | Gained mutation: You are covered in fur. (AC +1) [potion of
                  | mutation]
 53628 | Zig:24   | Gained mutation: You are somewhat resistant to further
                  | mutation. [potion of mutation]
 53638 | Zig:25   | Entered Level 25 of a ziggurat
 53715 | Zig:25   | Reached skill level 15 in Dodging
 54071 | Zig:25   | Found the +27 Lear's hauberk
 54160 | Zig:26   | Entered Level 26 of a ziggurat
 54427 | Zig:26   | Got an ancient iron amulet
 54436 | Zig:26   | Identified Lich's Almanac of Ashen Evil Rites
 54523 | Zig:26   | Got a crystal shortbow
 54526 | Zig:26   | Got a crystal hand crossbow
 54534 | Zig:26   | Got a crude glaive
 54537 | Zig:26   | Got a polished leather armour
 54539 | Zig:26   | Identified the +8 shortbow "Inawaine" {flame, +Inv rPois}
                  | (You found it on level 26 of a ziggurat)
 54541 | Zig:26   | Identified the +9 glaive "Ant's Peril" {drain, *Contam
                  | rPois Stlth+} (You found it on level 26 of a ziggurat)
 54544 | Zig:26   | Identified the cursed +1 hand crossbow of Kupoixoz {freeze,
                  | +Fly rC- Str+8 Int-5} (You found it on level 26 of a
                  | ziggurat)
 54557 | Zig:26   | Identified the +3 leather armour of the Orb Guardian {rPois
                  | rC+ Dex-2 Stlth+} (You found it on level 26 of a ziggurat)
 54572 | Zig:26   | Identified the ring "Sakenwuh" {+Blink EV+2 Int+3 Dex+4}
                  | (You found it on level 24 of a ziggurat)
 54627 | Zig:26   | Identified the amulet "Girretue" {Inacc Dex+6} (You found
                  | it on level 26 of a ziggurat)
 54637 | Zig:27   | Entered Level 27 of a ziggurat
 54678 | Zig:27   | Reached skill level 15 in Fighting
 54705 | Zig:27   | Reached skill level 15 in Throwing
 54888 | Zig:27   | Identified the Reference Book on Entrancing Companions
 54892 | Zig:27   | Identified the Guide on Feathery Protection
 54976 | Zig:27   | Identified the amulet "Vokhal" {Gourm Dex+4 SInv} (You
                  | found it on level 19 of a ziggurat)
 54978 | Zig:27   | Reached skill level 5 in Staves
 54988 | Zig:27   | Got scorched acid dragon scales
 55000 | Zig:27   | Identified the cursed +1 acid dragon scales of the Crown
                  | {rCorr Int+3 Dex+6} (You found it on level 27 of a
                  | ziggurat)
 55045 | Zig:1    | Entered Level 1 of a ziggurat
 55088 | Zig:2    | Entered Level 2 of a ziggurat
 55158 | Zig:3    | Entered Level 3 of a ziggurat
 55183 | Zig:3    | Identified the Tome of Earthen Fire
 55185 | Zig:3    | Identified the Disquisition on Icy Creation
 55223 | Zig:4    | Entered Level 4 of a ziggurat
 55228 | Zig:4    | Reached skill level 10 in Staves
 55333 | Zig:5    | Entered Level 5 of a ziggurat
 55365 | Zig:5    | Found the ring of Shadows {Umbra +Inv Stlth+}
 55432 | Zig:6    | Entered Level 6 of a ziggurat
 55547 | Zig:6    | Identified the Volume of Fetching Ice
 55579 | Zig:7    | Entered Level 7 of a ziggurat
 55715 | Zig:8    | Entered Level 8 of a ziggurat
 55719 | Zig:8    | Noticed Kadghydwa the pandemonium lord
 55720 | Zig:8    | Noticed a Killer Klown
 55720 | Zig:8    | Noticed a Killer Klown
 55721 | Zig:8    | Noticed Etteiruy the pandemonium lord
 55722 | Zig:8    | Noticed a Killer Klown
 55725 | Zig:8    | Noticed a Killer Klown
 55726 | Zig:8    | Killed a Killer Klown
 55726 | Zig:8    | Killed a Killer Klown
 55728 | Zig:8    | Killed a Killer Klown
 55730 | Zig:8    | Killed Etteiruy the pandemonium lord
 55730 | Zig:8    | Killed Kadghydwa the pandemonium lord
 55731 | Zig:8    | Killed a Killer Klown
 55761 | Zig:8    | Found the ring of the Mage {Wiz MR++ Int+3}
 55788 | Zig:8    | Identified Sif Muna's Reference Book on the Icy Blaze
 55837 | Zig:9    | Entered Level 9 of a ziggurat
 55856 | Zig:9    | Reached skill level 15 in Ice Magic
 55882 | Zig:9    | Found the +15 Maxwell's patent armour {-Cast -Tele rElec
                  | MR+ rCorr}
 55927 | Zig:9    | Got a shimmering platinum ring
 55943 | Zig:9    | Identified the ring "Kinoluaq" {Fire *Slow Int+6 Dex+5}
                  | (You found it on level 9 of a ziggurat)
 55956 | Zig:10   | Entered Level 10 of a ziggurat
 56096 | Zig:11   | Entered Level 11 of a ziggurat
 56176 | Zig:11   | Identified the Compendium of Supportive Enhancements
 56192 | Zig:11   | Identified the Handbook of Noxious Ice
 56262 | Zig:11   | Got a faintly humming plate armour
 56276 | Zig:12   | Entered Level 12 of a ziggurat
 56409 | Zig:12   | Identified the Tome of the Vitriolic Oath
 56419 | Zig:12   | Got a sparkling copper amulet
 56444 | Zig:13   | Entered Level 13 of a ziggurat
 56453 | Zig:13   | Noticed Inliowes the pandemonium lord
 56473 | Zig:13   | Killed Inliowes the pandemonium lord
 56578 | Zig:13   | Got an ancient marble ring
 56644 | Zig:14   | Entered Level 14 of a ziggurat
 56652 | Zig:14   | Reached skill level 15 in Conjurations
 56793 | Zig:14   | Got a faintly glowing platinum amulet
 56815 | Zig:15   | Entered Level 15 of a ziggurat
 56914 | Zig:15   | Identified Easy Rites and Rhymes
 56917 | Zig:15   | Got a brightly glowing copper ring
 56978 | Zig:15   | Identified the amulet of Hucwad {rPois Regen+} (You found
                  | it on level 12 of a ziggurat)
 56980 | Zig:15   | Identified the amulet "Lukitug" {Acrobat rElec rC+ Dex+5}
                  | (You found it on level 14 of a ziggurat)
 56982 | Zig:15   | Identified the ring "Hifohear" {rPois rF- AC+2 Int+2
                  | Stlth+} (You found it on level 13 of a ziggurat)
 56984 | Zig:15   | Identified the ring "Tuagg" {Fire Str+4 Dex+4} (You found
                  | it on level 15 of a ziggurat)
 57008 | Zig:16   | Entered Level 16 of a ziggurat
 57021 | Zig:16   | Reached skill level 15 in Stealth
 57166 | Zig:16   | Got a vibrating golden ring
 57173 | Zig:16   | Got a glittering marble ring
 57198 | Zig:17   | Entered Level 17 of a ziggurat
 57426 | Zig:17   | Identified the ring "Viog" {rN+ AC+2} (You found it on
                  | level 16 of a ziggurat)
 57428 | Zig:17   | Identified the ring "Iraf" {AC+3 Int+4} (You found it on
                  | level 16 of a ziggurat)
 57440 | Zig:18   | Entered Level 18 of a ziggurat
 57448 | Zig:18   | Learned a level 6 spell: Darkness
 57457 | Zig:18   | Reached skill level 1 in Hexes
 57471 | Zig:18   | Reached skill level 5 in Hexes
 57644 | Zig:19   | Entered Level 19 of a ziggurat
 57768 | Zig:19   | Got a brightly glowing turquoise ring
 57856 | Zig:20   | Entered Level 20 of a ziggurat
 57862 | Zig:20   | Noticed a greater mummy
 57862 | Zig:20   | Noticed a greater mummy
 57867 | Zig:20   | Noticed a greater mummy
 57875 | Zig:20   | Noticed a greater mummy
 57880 | Zig:20   | Noticed a greater mummy
 57881 | Zig:20   | Killed a greater mummy
 57882 | Zig:20   | Reached skill level 10 in Hexes
 57882 | Zig:20   | Killed a greater mummy
 57882 | Zig:20   | Noticed a greater mummy
 57886 | Zig:20   | Noticed a greater mummy
 57889 | Zig:20   | Noticed a greater mummy
 57891 | Zig:20   | Killed a greater mummy
 57893 | Zig:20   | Killed a greater mummy
 57898 | Zig:20   | Killed a greater mummy
 57898 | Zig:20   | Killed a greater mummy
 57900 | Zig:20   | Killed a greater mummy
 57906 | Zig:20   | Noticed a greater mummy
 57909 | Zig:20   | Killed a greater mummy
 57922 | Zig:20   | Killed a greater mummy
 58158 | Zig:20   | Identified the ring "Fupsohua" {rPois Str+2 SInv} (You
                  | found it on level 19 of a ziggurat)
 58177 | Zig:21   | Entered Level 21 of a ziggurat
 58183 | Zig:21   | Noticed an ancient lich
 58184 | Zig:21   | Noticed an ancient lich
 58190 | Zig:21   | Noticed an ancient lich
 58191 | Zig:21   | Killed an ancient lich
 58192 | Zig:21   | Noticed an ancient lich
 58194 | Zig:21   | Killed an ancient lich
 58197 | Zig:21   | Noticed an ancient lich
 58211 | Zig:21   | Killed an ancient lich
 58211 | Zig:21   | Killed an ancient lich
 58367 | Zig:21   | Identified the Guide on the Snowflakes and Clay
 58376 | Zig:21   | Identified the Compendium of Ensnaring Toxins
 58426 | Zig:22   | Entered Level 22 of a ziggurat
 58661 | Zig:22   | Got a scintillating marble ring
 58665 | Zig:22   | Identified the Almanac of Shape Shifting and the Entourage
 58731 | Zig:23   | Entered Level 23 of a ziggurat
 58736 | Zig:23   | Noticed a greater mummy
 58736 | Zig:23   | Noticed a greater mummy
 58737 | Zig:23   | Noticed a greater mummy
 58738 | Zig:23   | Noticed a greater mummy
 58738 | Zig:23   | Noticed a greater mummy
 58741 | Zig:23   | Noticed a greater mummy
 58741 | Zig:23   | Noticed a greater mummy
 58745 | Zig:23   | Killed a greater mummy
 58746 | Zig:23   | Killed a greater mummy
 58750 | Zig:23   | Noticed a greater mummy
 58751 | Zig:23   | Killed a greater mummy
 58754 | Zig:23   | Killed a greater mummy
 58754 | Zig:23   | Killed a greater mummy
 58757 | Zig:23   | Noticed a greater mummy
 58759 | Zig:23   | Noticed a greater mummy
 58760 | Zig:23   | Killed a greater mummy
 58760 | Zig:23   | Killed a greater mummy
 58761 | Zig:23   | Killed a greater mummy
 58761 | Zig:23   | Noticed a greater mummy
 58763 | Zig:23   | Noticed a greater mummy
 58764 | Zig:23   | Noticed a greater mummy
 58764 | Zig:23   | Noticed a greater mummy
 58765 | Zig:23   | Noticed a greater mummy
 58773 | Zig:23   | Killed a greater mummy
 58773 | Zig:23   | Killed a greater mummy
 58773 | Zig:23   | Killed a greater mummy
 58776 | Zig:23   | Killed a greater mummy
 58776 | Zig:23   | Killed a greater mummy
 58776 | Zig:23   | Killed a greater mummy
 58776 | Zig:23   | Killed a greater mummy
 58981 | Zig:23   | Found the +8 trident of the Octopus King {venom, rElec
                  | rPois MR+}
 58995 | Zig:23   | Identified the Disquisition on Combat Magic and the Compass
 59015 | Zig:23   | Identified the Tome of Flamy Companions
 59018 | Zig:23   | Got a warped lead ring
 59034 | Zig:23   | Got a flickering ivory ring
 59036 | Zig:23   | Identified the ring "Vuteoh" {rF+ Int+4 Dex+3 Stlth-} (You
                  | found it on level 23 of a ziggurat)
 59038 | Zig:23   | Identified the ring of Nurph {*Contam +Inv +Fly Int+6} (You
                  | found it on level 23 of a ziggurat)
 59046 | Zig:23   | Reached skill level 5 in Short Blades
 59048 | Zig:23   | Reached skill level 10 in Fire Magic
 59057 | Zig:24   | Entered Level 24 of a ziggurat
 59072 | Zig:24   | Reached skill level 10 in Short Blades
 59286 | Zig:24   | Found the +6 Majin-Bo {vamp, Archmagi MP+6 Int+6}
 59292 | Zig:24   | Got a pitted ruby amulet
 59293 | Zig:24   | Identified the Incunabulum of Beguiling and Enhancements
 59306 | Zig:24   | Got a bound jade ring
 59333 | Zig:24   | Identified the amulet "Saolis" {Gourm rElec Int+4} (You
                  | found it on level 24 of a ziggurat)
 59335 | Zig:24   | Identified the ring of Accord {Int+4 Stlth-} (You found it
                  | on level 22 of a ziggurat)
 59337 | Zig:24   | Identified the ring "Uhorr" {MP+9 Int+6} (You found it on
                  | level 24 of a ziggurat)
 59355 | Zig:25   | Entered Level 25 of a ziggurat
 59361 | Zig:25   | Noticed a Killer Klown
 59362 | Zig:25   | Noticed Anibruv the pandemonium lord
 59362 | Zig:25   | Noticed Moeq the pandemonium lord
 59366 | Zig:25   | Noticed Iblysul the pandemonium lord
 59369 | Zig:25   | Noticed Zosioto the pandemonium lord
 59373 | Zig:25   | Noticed Deokaemys the pandemonium lord
 59380 | Zig:25   | Killed Iblysul the pandemonium lord
 59390 | Zig:25   | Noticed a Killer Klown
 59391 | Zig:25   | Noticed a Killer Klown
 59394 | Zig:25   | Killed Deokaemys the pandemonium lord
 59398 | Zig:25   | Noticed Inuklig the pandemonium lord
 59399 | Zig:25   | Noticed a Killer Klown
 59399 | Zig:25   | Noticed a Killer Klown
 59399 | Zig:25   | Killed Moeq the pandemonium lord
 59401 | Zig:25   | Noticed Cogethri the pandemonium lord
 59401 | Zig:25   | Noticed Reuhe the pandemonium lord
 59401 | Zig:25   | Noticed Tauzah the pandemonium lord
 59401 | Zig:25   | Noticed a Killer Klown
 59401 | Zig:25   | Noticed Sudat the pandemonium lord
 59402 | Zig:25   | Noticed a Killer Klown
 59402 | Zig:25   | Noticed Oxebecha the pandemonium lord
 59402 | Zig:25   | Noticed a Killer Klown
 59402 | Zig:25   | Noticed Duest the pandemonium lord
 59402 | Zig:25   | Noticed Ruepur the pandemonium lord
 59403 | Zig:25   | Noticed Henoj the pandemonium lord
 59403 | Zig:25   | Noticed Aleyghuj the pandemonium lord
 59404 | Zig:25   | Noticed Acvistij the pandemonium lord
 59404 | Zig:25   | Noticed a Killer Klown
 59404 | Zig:25   | Noticed Tugyfum the pandemonium lord
 59405 | Zig:25   | Noticed a Killer Klown
 59408 | Zig:25   | Killed a Killer Klown
 59410 | Zig:25   | Killed Anibruv the pandemonium lord
 59413 | Zig:25   | Noticed a Killer Klown
 59421 | Zig:25   | Noticed Natiq the pandemonium lord
 59422 | Zig:25   | Killed Zosioto the pandemonium lord
 59423 | Zig:25   | Killed a Killer Klown
 59431 | Zig:25   | Killed a Killer Klown
 59434 | Zig:25   | Killed Inuklig the pandemonium lord
 59437 | Zig:25   | Noticed a Killer Klown
 59438 | Zig:25   | Noticed Maosocar the pandemonium lord
 59438 | Zig:25   | Noticed Casykk the pandemonium lord
 59448 | Zig:25   | Noticed Beawnec the pandemonium lord
 59455 | Zig:25   | Noticed Qaeh Lyi the pandemonium lord
 59459 | Zig:25   | Killed a Killer Klown
 59460 | Zig:25   | Killed Aleyghuj the pandemonium lord
 59460 | Zig:25   | Noticed Muck the pandemonium lord
 59465 | Zig:25   | Noticed Veveufem the pandemonium lord
 59465 | Zig:25   | Noticed Deot the pandemonium lord
 59466 | Zig:25   | Noticed Emism the pandemonium lord
 59468 | Zig:25   | Killed Sudat the pandemonium lord
 59468 | Zig:25   | Killed Ruepur the pandemonium lord
 59468 | Zig:25   | Killed a Killer Klown
 59468 | Zig:25   | Killed a Killer Klown
 59468 | Zig:25   | Killed a Killer Klown
 59468 | Zig:25   | Killed a Killer Klown
 59468 | Zig:25   | Killed a Killer Klown
 59468 | Zig:25   | Noticed Fotsosh the pandemonium lord
 59469 | Zig:25   | Cast into level 5 of the Abyss (Beawnec)
 59469 | Abyss:5  | Entered Level 5 of the Abyss
 59766 | Zig:25   | Escaped the Abyss
 59766 | Zig:25   | Noticed Paetz the pandemonium lord
 59770 | Zig:25   | Noticed Kehimpe the pandemonium lord
 59773 | Zig:25   | Noticed Xuhoefom the pandemonium lord
 59773 | Zig:25   | Killed Natiq the pandemonium lord
 59774 | Zig:25   | Noticed Asudos the pandemonium lord
 59775 | Zig:25   | HP: 5/246 [Oxebecha the pandemonium lord (17)]
 59776 | Zig:25   | Killed Reuhe the pandemonium lord
 59777 | Zig:25   | Killed Deot the pandemonium lord
 59777 | Zig:25   | Killed Maosocar the pandemonium lord
 59777 | Zig:25   | Killed Emism the pandemonium lord
 59779 | Zig:25   | Killed Muck the pandemonium lord
 59780 | Zig:25   | Killed Veveufem the pandemonium lord
 59780 | Zig:25   | Killed Acvistij the pandemonium lord
 59780 | Zig:25   | Killed Tauzah the pandemonium lord
 59780 | Zig:25   | Killed Tugyfum the pandemonium lord
 59780 | Zig:25   | Killed Qaeh Lyi the pandemonium lord
 59780 | Zig:25   | Demolished by Oxebecha the pandemonium lord

Levels and vault maps discovered:
D:1:      roderic_crossed_star, layout_loops_cross
D:2:      layout_rooms, fedhas_altar_4, nicolae_overflow_hidden_temple,
          first_ration
D:3:      layout_loops_ring, uniq_ijyb
D:4:      layout_loops_corners, minmay_temple_entry_grid, serial_shops, shop
D:5:      layout_basic, kennysheep_mini, uniq_eustachio, uniq_pikel
D:6:      layout_basic, grunt_tough_drop
D:7:      layout_rooms, yredelemnul_forgotten_temple_becter, grunt_ogre_cave,
          serial_bayou_pond_e, eino_jars, uniq_prince_ribbit1, uniq_harold
D:8:      cheibrodos_quashed, layout_loops_ring, overflow_temple_1_default,
          gammafunk_temple_overflow_wave
D:9:      layout_roguey, lemuel_doored_altar, serial_corexii_hall,
          chequers_hall_statues_corner_a, corexii_hall_statues_i,
          chequers_hall_statues_wall_a, chequers_hall_statues_y
D:10:     layout_long_grid, erik_lair_island, trog_wizard
D:11:     layout_roguey, serial_glass, glass_columns_a, glass_columns_a,
          item_on_display_a, feat_on_display, due_unseen_surprise,
          item_on_display_a, maelrawn_ghost_gauntlet_escape
D:12:     layout_long_grid, hiddenorc1_lemuel, roderic_batcave,
          grunt_ministairs_1, palyth_stone_intersect, uniq_nergalle, uniq_snorg,
          uniq_nessos
D:13:     layout_roguey [special_room_orc], ximxim_vaults_locker_room
D:14:     cheibrodos_frozen_isle, layout_small_grid, small_statue_alley_a,
          grunt_dithmenos_smoke
D:15:     gammafunk_enter_depths_forms, layout_basic, cheibriados_altar_1
Temple:   jpeg_temple_clearing
Lair:1:   layout_chaotic_city, basic_altar, lemuel_oklob_altar, uniq_erica
Lair:2:   layout_regular_city, minmay_lair_oklob_chamber
Lair:3:   layout_gridlike, spider_nest_entry_rubble, serial_bayou,
          serial_bayou_shore_a, serial_bayou_pond_a, serial_bayou_pond_d,
          serial_bayou_pond_a, serial_bayou_ford_a
Lair:4:   layout_small_grid, palyth_hydra_swamp_entry
Lair:5:   layout_small_grid, slime_altar_2
Lair:6:   due_jungle_book, layout_regular_city, st_stairs_11, disabler_island
Swamp:1:  layout_basic_swamp, evilmike_swamp_ruin_rubble_2, swamp_pool1,
          nicolae_swamp_very_dense_foliage, uniq_roxanne
Swamp:2:  layout_falls_marsh, evilmike_swamp_ruin_wall, swamp_pool1
Swamp:3:  layout_falls_marsh, gammafunk_ghost_arena,
          evilmike_swamp_ruin_house_2, infiniplex_staircase_pool, uniq_mara
Swamp:4:  swamp_alternative, layout_basic_swamp, swamp_pool4
Spider:1: layout_spider_delve, nicolae_crawler_farm
Spider:2: layout_spider_delve
Spider:3: layout_chambers, drop_trap
Spider:4: floodkiller_spider_rune_tomb, drop_trap, nicolae_arachne_temple,
          uniq_arachne
Orc:1:    layout_caves, serial_shops, shop
Orc:2:    pf_orc_diabolical, layout_diamond_mine, serial_shops,
          nicolae_shop_temple_entry_statues_fountains, shop_fountains,
          shop_statue
Elf:1:    elf_arrival_001, layout_loops_corners, minmay_elf_annihilation
Elf:2:    layout_geoelf_diagonals, drop_trap
Elf:3:    minmay_elf_hall, layout_geoelf_grid, basic_altar
Depths:1: layout_cave_shapes, enter_ziggurat_b, nicolae_twisting_strands,
          grunt_pan_entry_sceptre, serial_shops, bzr_entry_islet,
          hangedman_tar_grid_catacomb, nemelex_diamond_rough_becter,
          minmay_shop_star, uniq_bai_suzhen
Depths:2: minmay_the_grid_triangle_9x9_rhombus_thin
          [minmay_the_grid_triangle_9x9_skeleton,
          minmay_the_grid_triangle_9x9_prize_special,
          minmay_the_grid_triangle_9x9_checkered,
          minmay_the_grid_triangle_9x9_intruding_spiral], layout_cave_pools,
          serial_bayou_pond_c, hell_entry, minmay_guarded_unrand_wrath_of_trog
Zig:25:   ziggurat_pillar_centre_c, ziggurat_pillar_centre_c,
          ziggurat_pillar_centre_c, ziggurat_pillar_centre_c

Skill      XL: |  1  2  3  4  5  6  7  8  9 10 11 12 13 14 15 16 17 18 19 20 21 22 23 24 25 26 27 |
---------------+----------------------------------------------------------------------------------+-----
Conjurations   | 1 2 3 4 5 6 24 | 24.2
Shields        | 1 2 3 5 8 9 12 15 23 | 23.0
Fire Magic     | 2 5 13 | 13.0
Air Magic      | 1 4 5 27 | 27.0
Charms         | 5 6 |  6.0
Necromancy     | 5 8 9 10 12 13 15 17 19 | 19.0
Spellcasting   | 6 7 9 12 13 14 15 17 | 17.0
Earth Magic    | 9 10 14 18 19 21 22 27 | 27.0
Dodging        | 2 4 6 7 8 11 14 15 | 15.0
Fighting       | 1 4 7 9 10 20 | 20.0
Armour         | 1 4 7 9 10 17 20 | 20.0
Transmutations | 12 15 17 19 | 19.0
Throwing       | 20 | 20.0
Evocations     | 15 | 15.0
Ice Magic      | 26 | 26.0
Crossbows      | 12 | 12.7
Stealth        | 19 | 19.3
Staves         | 13 | 13.6
Hexes          | 12 | 12.3
Short Blades   | 12 | 12.2
Summonings     | |  1.0
Translocations | |  0.8

Action                   |  1- 3 |  4- 6 |  7- 9 | 10-12 | 13-15 | 16-18 | 19-21 | 22-24 | 25-27 || total
-------------------------+-------+-------+-------+-------+-------+-------+-------+-------+-------++-------
Melee: Club              |     5 |       |       |       |       |       |       |       |       ||     5
       Mace              |     8 |     6 |       |       |       |       |       |       |       ||    14
       Whip              |       |    30 |       |       |       |       |       |    25 |   241 ||   296
       Flail             |       |    59 |   240 |   358 |    43 |       |       |       |       ||   700
       Halberd           |       |       |    10 |    12 |       |       |       |       |       ||    22
       Spear             |       |       |       |    29 |       |       |       |       |       ||    29
       Trident           |       |       |       |   167 |   492 |       |       |       |       ||   659
       Double sword      |       |       |       |       |       |       |       |   130 |    57 ||   187
       Lajatang          |       |       |       |       |       |       |       |       |    37 ||    37
       Staff             |       |       |       |       |       |       |       |       |    25 ||    25
 Fire: Longbow           |       |       |       |       |    16 |       |       |       |       ||    16
       Fustibalus        |       |       |       |       |   231 |   839 |   680 |   361 |    84 ||  2195
       Shortbow          |       |       |       |       |       |       |       |       |   141 ||   141
Throw: Stone             |     2 |       |       |       |       |       |       |       |       ||     2
       Javelin           |       |       |       |       |       |       |       |       |    27 ||    27
 Cast: Magic Dart        |    82 |    63 |    16 |    51 |    35 |       |       |       |       ||   247
       Mephitic Cloud    |       |    12 |    31 |    40 |    24 |    18 |     3 |       |       ||   128
       Conjure Flame     |       |       |    15 |    66 |    74 |    37 |    29 |       |       ||   221
       Regeneration      |       |       |     2 |    60 |    44 |    73 |    39 |    16 |    12 ||   246
       Sublimation of Bl |       |       |     2 |    59 |    49 |   141 |    30 |    23 |    17 ||   321
       Borgnjor's Vile C |       |       |       |    44 |   153 |   344 |   270 |   158 |   336 ||  1305
       Dispel Undead     |       |       |       |     8 |     5 |     7 |    15 |     3 |    13 ||    51
       Bolt of Draining  |       |       |       |       |       |     9 |    10 |    30 |     2 ||    51
       Necromutation     |       |       |       |       |       |       |       |    30 |   120 ||   150
       Ozocubu's Armour  |       |       |       |       |       |       |       |    27 |   105 ||   132
       Shatter           |       |       |       |       |       |       |       |       |   335 ||   335
       Tornado           |       |       |       |       |       |       |       |       |   136 ||   136
       Shroud of Golubri |       |       |       |       |       |       |       |       |     2 ||     2
       Darkness          |       |       |       |       |       |       |       |       |     1 ||     1
Invok: Receive Necronomi |       |       |       |       |     1 |       |       |       |       ||     1
       Renounce Religion |       |       |       |       |     1 |       |       |       |       ||     1
       Call Merchant     |       |       |       |       |       |       |     4 |       |       ||     4
       Potion Petition   |       |       |       |       |       |       |     2 |    11 |    62 ||    75
 Abil: Dig               |     3 |     2 |    13 |    34 |    31 |    11 |     9 |     1 |     8 ||   112
       End Transformatio |       |       |       |       |       |       |       |     7 |    16 ||    23
       Shaft Self        |       |       |       |       |       |       |       |       |     1 ||     1
Evoke: Lamp of fire      |       |       |       |       |       |     1 |       |     5 |    12 ||    18
       Phial of floods   |       |       |       |       |       |       |       |     1 |       ||     1
       Fan of gales      |       |       |       |       |       |       |       |     1 |     3 ||     4
       Staff of energy   |       |       |       |       |       |       |       |       |  1804 ||  1804
       Wand              |       |       |       |       |       |       |       |       |    12 ||    12
       Sack of spiders   |       |       |       |       |       |       |       |       |     5 ||     5
       Box of beasts     |       |       |       |       |       |       |       |       |     4 ||     4
       Lightning rod     |       |       |       |       |       |       |       |       |     4 ||     4
       Figurine of a zig |       |       |       |       |       |       |       |       |     2 ||     2
  Use: Scroll            |     1 |     4 |       |    13 |     7 |     8 |     8 |    20 |    56 ||   117
       Potion            |       |       |       |     3 |     3 |       |     4 |     1 |    67 ||    78
 Stab: Confused          |       |     7 |     9 |     6 |     8 |       |       |       |       ||    30
       Sleeping          |       |     4 |     1 |       |     2 |       |       |       |       ||     7
       Distracted        |       |       |     1 |       |     4 |       |       |     1 |    10 ||    16
       Invisible         |       |       |       |       |       |       |       |     4 |       ||     4
  Eat: Chunk             |     2 |    10 |    14 |    40 |    11 |       |       |       |       ||    77
       Ration            |       |       |       |     2 |    16 |    11 |    10 |     2 |     8 ||    49
Armor: Robe              |     6 |    21 |    60 |   128 |       |       |       |       |       ||   215
       Troll leather arm |       |       |       |    28 |   136 |   128 |    79 |   152 |   624 ||  1147
Dodge: Dodged            |    20 |    69 |   154 |   353 |   290 |   227 |   215 |   317 |  1187 ||  2832
       Deflected         |       |       |       |       |     3 |     7 |    18 |    51 |    67 ||   146
Block: Buckler           |     2 |    13 |    44 |   221 |   268 |       |       |       |       ||   548
       Reflection        |       |       |       |    13 |     7 |    33 |       |       |       ||    53
       Large shield      |       |       |       |       |    53 |   581 |   487 |   937 |  2667 ||  4725
       Rpst.: Double sword |       |       |       |       |       |       |       |    14 |    10 ||    24
